 Dungeon Crawl Stone Soup version 0.32-a0-747-gc8563f6773 (webtiles) character file.

Game seed: 3967477711569171002

754642 SaltyWalty the Englaciator (level 27, -5/210 HPs)
             Began as a Barachi Ice Elementalist on Mar 6, 2024.
             Was the Champion of Vehumet.
             Killed by a guardian mummy's death curse (6 damage)
             ... on level 25 of a ziggurat on Mar 17, 2024.
             The game lasted 06:35:06 (97264 turns).

SaltyWalty the Englaciator (BaIE)                  Turns: 97264, Time: 06:35:06

Health: -5/210     AC: 18    Str:  9 (10) XL:     27
Magic:  52/52      EV: 17    Int: 37      God:    Vehumet [******]
Gold:   6538       SH: 10    Dex: 13 (17) Spells: 7/76 levels left

rFire   + + +        j - staff of the Coin {rC+ Will+ Ice}
rCold   + + .        z - +3 warlock's mirror {omnireflect}
rNeg    + + .        m - +2 robe {rC+ rF+}
rPois   +            B - +3 crown of Dyrovepreva {rElec Int+2 SInv}
rElec   +            g - +2 cloak {rPois}
rCorr   +            o - +1 pair of gloves
SInv    +            y - +0 pair of boots "Derexoan" {rF+ Dex+4}
Will    +++..        G - amulet "Vujooser" {rF+ RegenMP+ Int+3}
Stlth   ++           k - ring "Pitsiam" {rF+ rCorr Int+5}
HPRegen 0.55/turn    U - ring "Xevug" {^Drain Fly rN++ rCorr}
MPRegen 0.73/turn

%: reflection
@: flying, hasted and slowed, studying 6 skills, slow
A: amphibious, slowness 1, strong legs 2, +LOS, iridescent scales 1, clumsy 1,
deformed body, sturdy frame 1
}: 4/15 runes: decaying, slimy, silver, gossamer
a: Hop, Renounce Religion


You were on level 25 of a ziggurat.
You worshipped Vehumet.
Vehumet was exalted by your worship.
You visited 12 branches of the dungeon, and saw 52 of its levels.
You visited 1 bazaar.
You visited 1 ziggurat, and saw 25 of its levels.
You also visited: Trove, Bailey, Wizlab and Desolation.

You collected 9383 gold pieces.
You spent 2845 gold pieces at shops.

Inventory:

Hand Weapons
 a - the +8 trishula "Condemnation" {holy, anguish, *Noise Fly rN+}
   (You found it on level 16 of a ziggurat)

   rN+:       It protects you from negative energy.
   Fly:       It grants you flight.
   *Noise:    It may make a loud noise when swung.
 n - the +7 short sword "Esibya" {pain, Str+3 Int+5 Dex+6}
   (You found it on level 3 of the Depths)

   Str+3:     It affects your strength (+3).
   Int+5:     It affects your intelligence (+5).
   Dex+6:     It affects your dexterity (+6).
 p - the +5 spear "Jehogun" {heavy, rC+ Will++ Str+4}
   (You took it off a deep elf elementalist on level 3 of the Elven Halls)

   Str+4:     It affects your strength (+4).
   rC+:       It protects you from cold.
   Will++:    It greatly increases your willpower.
 V - the +7 lajatang of Order {silver, rMut}
   (You took it off a deep elf demonologist on level 3 of the Elven Halls)

   rMut:      It protects you from mutation.
 Z - the +7 great mace "Undeadhunter" {deathbane, rN+}
   (You found it on level 4 of a ziggurat)

   rN+:       It protects you from negative energy.
Missiles
 r - 10 silver javelins
 Y - 3 throwing nets
Armour
 g - a +2 cloak of poison resistance (worn)
 m - a +2 robe of resistance (worn)
 o - a +1 pair of gloves (worn)
 y - the +0 pair of boots "Derexoan" (worn) {rF+ Dex+4}
   (You found it on level 5 of the Vaults)

   Dex+4:     It affects your dexterity (+4).
   rF+:       It protects you from fire.
 z - the +3 warlock's mirror (worn) {omnireflect}
   (You took it off a vampire on level 6 of the Dungeon)

   Omnireflect: It can block and reflect piercing ranged attacks and magical
   attacks against the wielder's willpower.
 B - the +3 crown of Dyrovepreva (worn) {rElec Int+2 SInv}
   (You found it on level 6 of the Dungeon)

   Int+2:     It affects your intelligence (+2).
   rElec:     It insulates you from electricity.
   SInv:      It lets you see invisible.
 I - the +2 pair of boots of the Saviour {Harm rElec rF+}
   (You acquired it on level 20 of a ziggurat)

   rF+:       It protects you from fire.
   rElec:     It insulates you from electricity.
   Harm:      It increases damage dealt and taken.
 K - the +0 pair of boots "Bugepash" {rN+}
   (You acquired it on level 2 of the Crypt)

   rN+:       It protects you from negative energy.
 M - the orb "Jecic" {*channel, rC+ Str+2 Int+2 Tloc}
   (You took it off Frederick on level 1 of the Vaults)

   Str+2:     It affects your strength (+2).
   Int+2:     It affects your intelligence (+2).
   rC+:       It protects you from cold.
   Tloc:      It increases the power of your Translocations spells.
 P - the +5 chain mail "Mejelloe" {rElec rCorr MP+9 Int+4}
   (You found it on level 9 of a ziggurat)

   Int+4:     It affects your intelligence (+4).
   rElec:     It insulates you from electricity.
   MP+9:      It affects your magic capacity (+9).
   rCorr:     It protects you from acid and corrosion.
 X - the +8 plate armour of Ru's Approval {Will++ Str+2 Dex+4}
   (You found it on level 16 of a ziggurat)

   Str+2:     It affects your strength (+2).
   Dex+4:     It affects your dexterity (+4).
   Will++:    It greatly increases your willpower.
Magical Staves
 j - the staff of the Coin (weapon) {rC+ Will+ Ice}
   (You found it on level 8 of a ziggurat)

   [staff of cold]

   Base accuracy: +5 Base damage: 5 Base attack delay: 1.2 This weapon's minimum
   attack delay (0.6) is reached at skill level 12.
   rC+:       It protects you from cold.
   Will+:     It increases your willpower.
   Ice:       It increases the power of your Ice spells.
   It falls into the 'Staves' category.
   It is a one-handed weapon.
 t - the staff of the Doomed Warrior {rPois rF+ rC+ Str+3 Necro Fire}
   (You found it on level 14 of a ziggurat)

   [staff of fire]

   Base accuracy: +5 Base damage: 5 Base attack delay: 1.2 This weapon's minimum
   attack delay (0.6) is reached at skill level 12.
   Str+3:     It affects your strength (+3).
   rF+:       It protects you from fire.
   rC+:       It protects you from cold.
   rPois:     It protects you from poison.
   Necro:     It increases the power of your Necromancy spells.
   Fire:      It increases the power of your Fire spells.
   It falls into the 'Staves' category.
   It is a one-handed weapon.
 Q - the staff of the Gloaming {rElec Str+4 Int+4 Air}
   (You found it on level 9 of a ziggurat)

   [staff of air]

   Base accuracy: +5 Base damage: 5 Base attack delay: 1.2 This weapon's minimum
   attack delay (0.6) is reached at skill level 12.
   Str+4:     It affects your strength (+4).
   Int+4:     It affects your intelligence (+4).
   rElec:     It insulates you from electricity.
   Air:       It increases the power of your Air spells.
   It falls into the 'Staves' category.
   It is a one-handed weapon.
Jewellery
 c - the amulet "Juiv Jeo" {Faith +Inv rPois rC+++ Dex-2}
   (You took it off a deep elf master archer on level 3 of the Elven Halls)

   [amulet of faith]

   Faith:     It allows you to gain divine favour quickly.
   Dex-2:     It affects your dexterity (-2).
   rC+++:     It renders you almost immune to cold.
   rPois:     It protects you from poison.
   +Inv:      It lets you turn invisible.
 f - the ring "Byishen" {*Slow rElec rPois rC+ SInv}
   (You found it in a treasure trove)

   [ring of poison resistance]

   rC+:       It protects you from cold.
   rElec:     It insulates you from electricity.
   rPois:     It protects you from poison.
   SInv:      It lets you see invisible.
   *Slow:     It may slow you when you take damage.
 k - the ring "Pitsiam" (left hand) {rF+ rCorr Int+5}
   (You took it off a ragged hierophant in the Desolation of Salt)

   [ring of protection from fire]

   Int+5:     It affects your intelligence (+5).
   rF+:       It protects you from fire.
   rCorr:     It protects you from acid and corrosion.
 s - the ring of Nasmi {rN+++ rCorr MP+9 Dex-2 Slay-2}
   (You found it on level 17 of a ziggurat)

   [ring of magical power]

   Dex-2:     It affects your dexterity (-2).
   Slay-2:    It affects your accuracy & damage with ranged weapons and melee
   (-2).
   rN+++:     It renders you almost immune to negative energy.
   MP+9:      It affects your magic capacity (+9).
   rCorr:     It protects you from acid and corrosion.
 w - the ring "Siamn" {rN++ AC+4 Int+5}
   (You found it on level 3 of the Crypt)

   [ring of protection]

   AC+4:      It affects your AC (+4).
   Int+5:     It affects your intelligence (+5).
   rN++:      It greatly protects you from negative energy.
 A - the ring of Jupulapsu {rC+ MP+9 Dex+4}
   (You acquired it on level 2 of the Depths)

   [ring of protection from cold]

   Dex+4:     It affects your dexterity (+4).
   rC+:       It protects you from cold.
   MP+9:      It affects your magic capacity (+9).
 C - the amulet "Yloifuor" {rC+ RegenMP+ Str+3 Int+3}
   (You found it on level 8 of a ziggurat)

   [amulet of magic regeneration]

   It increases your rate of magic regeneration.
   Str+3:     It affects your strength (+3).
   Int+3:     It affects your intelligence (+3).
   rC+:       It protects you from cold.
   RegenMP+:  It increases your rate of magic regeneration.
 F - the ring "Tinarr" {Fire *Corrode rN++ Str+2}
   (You found it on level 3 of the Crypt)

   [ring of fire]

   Fire:      It enhances your fire magic.
   Str+2:     It affects your strength (+2).
   rF+:       It protects you from fire.
   rC-:       It makes you vulnerable to cold.
   rN++:      It greatly protects you from negative energy.
   *Corrode:  It may corrode you when you take damage.
 G - the amulet "Vujooser" (around neck) {rF+ RegenMP+ Int+3}
   (You found it on level 5 of the Vaults)

   [amulet of magic regeneration]

   It increases your rate of magic regeneration.
   Int+3:     It affects your intelligence (+3).
   rF+:       It protects you from fire.
   RegenMP+:  It increases your rate of magic regeneration.
 U - the ring "Xevug" (right hand) {^Drain Fly rN++ rCorr}
   (You bought it in a shop in a bazaar)

   [ring of resist corrosion]

   rN++:      It greatly protects you from negative energy.
   Fly:       It grants you flight.
   rCorr:     It protects you from acid and corrosion.
   ^Drain:    It drains your maximum health when unequipped.
Talismans
 R - a talisman of death
Wands
 u - a wand of digging (43)
 T - a wand of acid (63)
Scrolls
 d - 14 scrolls of blinking
 e - 38 scrolls of teleportation
 i - 22 scrolls of enchant armour
 x - 11 scrolls of amnesia
 E - 28 scrolls of fog
 H - 8 scrolls of revelation
 O - 4 scrolls of summoning
Potions
 b - 4 potions of magic
 l - 6 potions of resistance
 q - 27 potions of curing
 D - 19 potions of mutation
 J - 6 potions of haste
 L - 2 potions of brilliance
 N - 10 potions of enlightenment
 S - a potion of heal wounds


   Skills:
 - Level 16.1 Fighting
 - Level 16.0 Axes
 - Level 18.0 Armour
 - Level 14.0 Dodging
 - Level 1.7 Stealth
 - Level 14.0 Shields
 - Level 25.0 Spellcasting
 - Level 25.0 Conjurations
 - Level 20.1 Fire Magic
 O Level 27 Ice Magic
 - Level 25.0 Earth Magic
 + Level 12.1 Shapeshifting


You had 7 spell levels left.
You knew the following spells:

 Your Spells              Type           Power      Damage    Failure   Level
a - Fire Storm            Conj/Fire      59%        8d15      1%          9
b - Lehudib's Crystal Sp  Conj/Erth      62%        10d14     1%          8
c - Ozocubu's Armour      Ice            100%       N/A       0%          3
d - Summon Ice Beast      Ice/Summ       100%       N/A       0%          3
e - Hailstorm             Conj/Ice       100%       3d16      0%          3
f - Sublimation of Blood  Necr           46%        N/A       1%          2
g - Ozocubu's Refrigerat  Ice            76%        4d24      0%          7
h - Permafrost Eruption   Ice/Erth       75%        2x4d20    0%          6
i - Passwall              Erth           100%       N/A       0%          3
j - Apportation           Tloc           92%        N/A       1%          1
l - Polar Vortex          Ice            76%        12d10*    1%          9
m - Sculpt Simulacrum     Ice/Alch       60%        N/A       1%          6
o - Shatter               Erth           62%        3d46*     1%          9

Your spell library contained the following spells:

 Spells                   Type           Power      Damage    Failure   Level
 Foxfire                  Conj/Fire      100%       2x1d9     0%          1
 Freeze                   Ice            100%       1d10      0%          1
 Kiss of Death            Conj/Necr      100%       2d13      0%          1
 Magic Dart               Conj           100%       1d8       0%          1
 Sandblast                Erth           100%       2d20      0%          1
 Shock                    Conj/Air       100%       1d9       0%          1
 Ensorcelled Hibernation  Hex/Ice        100%       N/A       0%          2
 Momentum Strike          Conj/Tloc      100%       3d10      0%          2
 Scorch                   Fire           100%       2d9       0%          2
 Searing Ray              Conj           100%       2d8       0%          2
 Static Discharge         Conj/Air       100%       3-8/arc   0%          2
 Dazzling Flash           Conj/Hex       100%       N/A       0%          3
 Frozen Ramparts          Ice            100%       1d16      0%          3
 Stone Arrow              Conj/Erth      100%       3d13      0%          3
 Brom's Barrelling Bould  Conj/Erth      100%       2d11      0%          4
 Flame Wave               Conj/Fire      100%       2d21      0%          4
 Fireball                 Conj/Fire      59%        3d23      0%          5
 Freezing Cloud           Conj/Ice/Air   66%        6-21      0%          5
 Iskenderun's Battlesphe  Conj           100%       2d15      0%          5
 Lee's Rapid Deconstruct  Erth           62%        3d28*     0%          5
 Bombard                  Conj/Erth      62%        9d10      0%          6
 Starburst                Conj/Fire      59%        6d16      0%          6
 Orb of Destruction       Conj           62%        9d15      0%          7
 Necrotise                Necr           100%       1d9       1%          1
 Slow                     Hex            100%       N/A       1%          1
 Summon Small Mammal      Summ           100%       N/A       1%          1
 Blink                    Tloc           92%        N/A       1%          2
 Cigotuvi's Dreadful Rot  Necr/Alch/Air  92%        N/A       1%          2
 Jinxbite                 Hex            92%        N/A       1%          2
 Lesser Beckoning         Tloc           92%        N/A       1%          2
 Mercury Vapours          Alch/Air       92%        N/A       1%          2
 Call Canine Familiar     Summ           46%        N/A       1%          3
 Confusing Touch          Hex            46%        N/A       1%          3
 Gell's Gravitas          Tloc           46%        N/A       1%          3
 Inner Flame              Hex/Fire       88%        N/A       1%          3
 Mephitic Cloud           Conj/Alch/Air  82%        N/A       1%          3
 Sigil of Binding         Hex            46%        N/A       1%          3
 Swiftness                Air            46%        N/A       1%          3
 Teleport Other           Tloc           46%        N/A       1%          3
 Tukima's Dance           Hex            46%        N/A       1%          3
 Vampiric Draining        Necr           46%        2d9       1%          3
 Volatile Blastmotes      Fire/Tloc      100%       2d18      1%          3
 Airstrike                Air            23%        2d(4-20)  1%          4
 Animate Armour           Summ/Erth      100%       N/A       1%          4
 Fulminant Prism          Conj/Alch      47%        3d21      1%          4
 Ignite Poison            Fire/Alch      88%        N/A       1%          4
 Iskenderun's Mystic Bla  Conj/Tloc      95%        2d18      1%          4
 Leda's Liquefaction      Alch/Erth      47%        N/A       1%          4
 Olgreb's Toxic Radiance  Alch           46%        N/A       1%          4
 Petrify                  Alch/Erth      95%        N/A       1%          4
 Sticky Flame             Fire/Alch      88%        2d13      1%          4
 Summon Blazeheart Golem  Fire/Summ      88%        N/A       1%          4
 Arcjolt                  Conj/Air       47%        1d57      1%          5
 Borgnjor's Vile Clutch   Necr/Erth      47%        N/A       1%          5
 Irradiate                Conj/Alch      47%        3d27      1%          5
 Metabolic Englaciation   Hex/Ice        60%        N/A       1%          5
 Conjure Ball Lightning   Conj/Air       47%        3x3d16    1%          6
 Plasma Beam              Fire/Air       44%        2x1d58    1%          6
 Spellforged Servitor     Conj/Summ      47%        N/A       1%          7
 Yara's Violent Unravell  Hex/Alch       23%        3d10      4%          5
 Anguish                  Hex/Necr       23%        N/A       5%          4
 Animate Dead             Necr           46%        N/A       5%          4
 Cause Fear               Hex            23%        N/A       5%          4
 Dimensional Bullseye     Hex/Tloc       23%        N/A       5%          4
 Dispel Undead            Necr           46%        3d18      5%          4
 Manifold Assault         Tloc           46%        N/A       5%          4
 Martyr's Knell           Necr/Summ      46%        N/A       5%          4
 Passage of Golubria      Tloc           46%        N/A       5%          4
 Summon Lightning Spire   Summ/Air       46%        N/A       5%          4
 Vhi's Electric Charge    Tloc/Air       92%        N/A       5%          4
 Alistair's Intoxication  Alch           30%        N/A       16%         5
 Curse of Agony           Necr           46%        N/A       16%         5
 Silence                  Hex/Air        23%        N/A       16%         5
 Summon Forest            Summ/Tloc      23%        N/A       16%         5
 Summon Mana Viper        Hex/Summ       46%        N/A       16%         5
 Eringya's Noxious Bog    Alch           23%        4d6       22%         6
 Death Channel            Necr           23%        N/A       65%         6
 Dispersal                Tloc           23%        N/A       65%         6
 Summon Cactus Giant      Summ           23%        N/A       65%         6
 Enfeeble                 Hex            23%        N/A       99%         7
 Haunt                    Necr/Summ      23%        N/A       99%         7
 Malign Gateway           Summ/Tloc      23%        N/A       99%         7
 Monstrous Menagerie      Summ           23%        N/A       99%         7
 Summon Hydra             Summ           23%        N/A       99%         7
 Ignition                 Fire           57%        3d16      1%          8
 Chain Lightning          Conj/Air       47%        3d63      61%         9
 Borgnjor's Revivificati  Necr           23%        N/A       100%        8
 Discord                  Hex            23%        N/A       100%        8
 Disjunction              Tloc           23%        N/A       100%        8
 Maxwell's Capacitive Co  Air            23%        ∞         100%        8
 Summon Horrible Things   Summ           23%        N/A       100%        8
 Death's Door             Necr           23%        N/A       100%        9


Dungeon Overview and Level Annotations

Branches:
Dungeon (15/15)            Temple (1/1) D:7            Lair (5/5) D:10
  Swamp (4/4) Lair:3       Spider (4/4) Lair:2        Slime (5/5) Lair:4
    Orc (2/2) D:9             Elf (3/3) Orc:2        Vaults (5/5) D:14
  Crypt (3/3) Vaults:3       Tomb (0/3) Crypt:3      Depths (4/4) D:15
    Zot (1/5) Depths:4     Bailey (visited)          WizLab (visited)
Desolation (visited)

Altars:
Ashenzari
Cheibriados
Dithmenos
Elyvilon
Fedhas
Gozag
Hepliaklqana
Kikubaaqudgha
Makhleb
Nemelex Xobeh
Okawaru
Qazlal
Ru
Sif Muna
Trog
Uskayaw
Vehumet
Wu Jian
Xom
Yredelemnul
Zin
The Shining One
Jiyva

Shops:
D:5 *(?   D:11 **   D:13 :   Orc:1 *   Orc:2 :*[(   Elf:2 ?*=(   Elf:3 :
Vaults:2 ?   Vaults:3 **:   Depths:3 (

Portals:
Hell: Depths:1 Depths:2 Depths:3 Depths:4
Abyss: D:7 Depths:3
Pandemonium: Depths:2 Depths:3

Annotations:
Depths:4 6 runed translucent doors
Zot:1 Parghit


Innate Abilities, Weirdness & Mutations

You are amphibious.
You cover ground slowly.
You can hop long distances.
You have an extended range of vision and can be seen from far away.
You are partially covered in iridescent scales. (AC +2)
You are clumsy. (Dex -2)
Armour fits poorly on your strangely shaped body.
Your movements are slightly less encumbered by armour. (ER -2)


Message History

Confirm with . or Enter, or press ? or * to list all spells.
The dungeon rumbles!
You destroy the death scarab!
The death scarab's corpse disappears in a puff of smoke!
You destroy the death scarab!
The death scarab's corpse disappears in a puff of smoke!
Vehumet accepts your kill.
You feel your power returning.
The bennu, emptied of spiritual energy, fades out from this realm.
The royal mummy is heavily damaged.
The spriggan defender skeleton is almost destroyed.
The royal mummy is heavily damaged.
You destroy the mummy!
Vehumet accepts your kill.
You feel your power returning.
You destroy the guardian mummy!
Vehumet accepts your kill.
You feel your power returning.
You destroy the guardian mummy!
Vehumet accepts your kill.
The royal mummy is heavily damaged.
The royal mummy is severely damaged.
You destroy the guardian mummy!
Vehumet accepts your kill.
You destroy the mummy priest!
Vehumet accepts your kill.
You destroy the death scarab!
The death scarab's corpse disappears in a puff of smoke!
The royal mummy is lightly damaged.
You destroy the mummy!
Vehumet accepts your kill.
You feel extremely nervous for a moment...
You are engulfed in negative energy!
You feel clumsy.
You feel extremely nervous for a moment...
Pain shoots through your body!
* * * LOW HITPOINT WARNING * * *
You feel extremely nervous for a moment...
Pain shoots through your body.
You die...

▓▓▓▓▓▓▓▓
▓▓........
▓▓@........
▓▓..........
▓▓......§....
▓▓...........M
▓▓.............
▓▓..........§...
▓▓.........M..Z..
▓▓............MM..
▓.§..§.......M....


You could see 5 royal mummies and a spriggan defender skeleton.

Vanquished Creatures
  6 pandemonium lords
  the Royal Jelly (Slime:5)
  Dissolution (Slime:4)
  The ghost of Suwusiqo the Wishgranter, a legendary DjCj of Jiyva (Zig:22)
  The ghost of Tejiel the Englaciator, a legendary GrFi of Fedhas (Zig:23)
  The ghost of Bines the Petrodigitator, a legendary OpSh of Gozag (Zig:22)
  5 dread liches
  7 ancient liches
  The ghost of Nalaklye the Slayer, a legendary DjCA of Cheibriados (Zig:23)
  4 orbs of fire (Zot:1)
  The ghost of Quogoet the Shapeless Octopus, a legendary OpSh of Cheibriados (Zig:22)
  The ghost of Quogoet the Shapeless Octopus, a legendary OpSh of Cheibriados (Zig:23)
  The ghost of Quogoet the Shapeless Octopus, a legendary OpSh of Cheibriados (Zig:23)
  The ghost of Quogoet the Shapeless Octopus, a legendary OpSh of Cheibriados (Zig:23)
  The ghost of Ussulutyn the Demonic Barricade, a legendary DsFi of Qazlal (Zig:23)
  The ghost of Coyd the End of an Era, a legendary HOMo of Qazlal (Zig:23)
  The ghost of Duta the Crack Shot, a legendary FoHu of Okawaru (Zig:23)
  The ghost of Lagif the Conqueror, a legendary MiFi of Zin (Zig:23)
  The ghost of Lagif the Conqueror, a legendary MiFi of Zin (Zig:23)
  The ghost of Feuw the Executioner, a veteran MiBe of Trog (Zig:22)
  The ghost of Feuw the Executioner, a veteran MiBe of Trog (Zig:23)
  The ghost of Feuw the Executioner, a veteran MiBe of Trog (Zig:23)
  12 royal mummies
  Sojobo (Vaults:2)
  The ghost of Ysol the Archmage, a legendary OpHW of Jiyva (Zig:23)
  The ghost of Canwutygu the Executioner, a veteran MiFi of Okawaru (Zig:23)
  The ghost of Canwutygu the Executioner, a veteran MiFi of Okawaru (Zig:23)
  12 Killer Klowns
  Saint Roka (Elf:2)
  A shard shrike (Zig:13)
  5 caustic shrikes
  Nikola (Elf:2)
  A profane servitor (Zig:14)
  Jory (Depths:4)
  5 golden dragons
  3 bone dragons
  A hellephant (Zig:11)
  7 tentacled monstrosities
  Zenata (Elf:2)
  4 Ice Fiends (Zig:13)
  12 liches
  A walking frostbound tome (Depths:2)
  4 deep elf master archers
  3 quicksilver dragons
  6 deep elf blademasters
  2 titans (Vaults:5)
  A walking divine tome (Zig:14)
  Frances (D:12)
  39 acid blobs
  A sphinx (shapeshifter) (Zig:20)
  4 tentacled starspawn (Zig:14)
  The ghost of Horphaoge the Severer, an adept MDCA of Ignis (Spider:4)
  14 ancient champions
  The ghost of Niv Okit the Markstengu, an adept TeFi of Hepliaklqana (Spider:3)
  8 sphinxes
  Aizul (Swamp:1)
  The ghost of Qinioff the Earth Mage, an adept GrEE of Gozag (Spider:4)
  4 tengu reavers
  16 azure jellies
  8 storm dragons
  12 shadow dragons
  19 revenants
  2 nagarajas
  A frost giant (shapeshifter) (Zig:20)
  4 fire giants
  5 fenstrider witches
  Roxanne (Elf:1)
  4 draconian knights
  3 narguns (Zig:13)
  A demonspawn warmonger (Zig:4)
  13 frost giants
  3 draconian shifters
  5 protean progenitors
  3 ghost moths
  16 rockslimes
  2 emperor scorpions (Spider:3)
  A fire giant (shapeshifter) (Zig:8)
  18 vault wardens
  5 iron dragons
  A balrug (Depths:1)
  9 deep elf sorcerers
  An imperial myrmidon (Desolation)
  3 deep elf elementalists (Elf:3)
  26 curse skulls
  8 ghouls
  12 orc warlords
  A caustic shrike skeleton (Zig:25)
  2 cacodemons (Zig:14)
  10 very ugly things
  3 draconian annihilators
  A juggernaut zombie (Zig:25)
  33 ironbound preservers
  9 reapers
  A caustic shrike zombie (Zig:25)
  A draconian stormcaller (Zot:1)
  11 stone giants
  8 broodmothers
  18 quicksilver oozes
  3 ironbound thunderhulks
  7 deep elf demonologists
  7 eleionomae
  15 vampire knights
  11 formless jellyfish
  4 halazid warlocks (Desolation)
  11 deep elf death magi
  4 green draconians
  The ghost of Gryn the Marksspriggan, a journeyman SpDe of Fedhas (Orc:1)
  5 wendigos (Zig:13)
  7 white draconians
  6 war gargoyles
  2 red draconians
  6 bennus
  10 deep elf annihilators
  15 dire elephants
  2 spark wasps
  5 black draconians
  4 bunyips
  2 demonspawn black suns (Zig:23)
  4 yellow draconians
  9 purple draconians
  Snorg (Orc:2)
  36 eidola
  21 ettins
  8 jiangshi
  4 shambling mangroves
  6 fire dragons
  14 mummy priests
  7 ragged hierophants (Desolation)
  20 yaktaur captains
  An entropy weaver (shapeshifter) (Zig:20)
  Josephine (D:11)
  6 entropy weavers
  5 deep elf high priests
  Fannar (D:12)
  8 servants of whispers (Desolation)
  A crystal guardian (Desolation)
  Erolcha (D:12)
  17 great orbs of eyes
  36 vault guards
  6 peacekeepers
  8 rakshasas
  7 spriggan air magi
  A quicksilver dragon skeleton (Zig:25)
  A catoblepas (Lair:5)
  9 ice dragons
  9 hydras
  7 ghost crabs
  2 jorogumos
  2 anacondas (Zig:12)
  8 alligators
  A sphinx zombie (Zig:15)
  A juggernaut simulacrum (Zig:13)
  A two-headed ogre (shapeshifter) (Zig:20)
  3 salamander tyrants
  10 ironbound frosthearts
  11 two-headed ogres
  30 dancing weapons
  15 centaur warriors
  7 boulder beetles
  The ghost of zenocrate the Magician, a journeyman OpEE of Gozag (Lair:1)
  2 death knights
  7 death scarabs
  2 spriggan skeletons
  5 death yaks
  3 satyrs (WizLab)
  2 tengu warriors
  23 vampire magi
  2 sphinx skeletons
  4 naga warriors
  4 shock serpents
  11 demonic crawlers
  9 deep troll earth magi
  8 spriggan berserkers
  4 thrashing horrors (Zig:14)
  A shock serpent (shapeshifter) (Zig:20)
  4 deep troll shamans
  4 occultists
  9 orc high priests
  Nergalle (Orc:1)
  Sonja (D:10)
  7 naga sharpshooters
  A sun demon (Depths:1)
  7 hell knights
  16 deep elf knights
  2 skysharks (Lair:4)
  12 iron trolls
  13 soul eaters
  4 wretched stars (Zig:14)
  A skyshark (shapeshifter) (Zig:20)
  2 salamander mystics (Zig:12)
  A golden dragon zombie (Zig:10)
  A sixfirhy (Depths:2)
  A titan skeleton (Crypt:2)
  3 pharaoh ants
  7 spriggan druids
  7 shadow wraiths
  13 skeletal warriors
  2 spatial maelstroms (Zig:14)
  9 deep elf archers
  2 shadow demons
  13 orb spiders
  6 glowing orange brains
  2 sun moths
  8 bog bodies
  82 deep trolls
  12 goliath frogs
  A bunyip skeleton (Crypt:2)
  12 arcanists
  A mana viper (shapeshifter) (Zig:20)
  7 flayed ghosts
  8 orc knights
  2 naga ritualists
  A deep troll (shapeshifter) (Vaults:5)
  An iron giant skeleton (Crypt:2)
  An iron giant zombie (Crypt:3)
  6 swamp dragons
  16 phantasmal warriors
  A golden dragon skeleton (Zig:15)
  23 deep elf pyromancers
  7 lindwurms
  23 ironbound convokers
  6 obsidian statues
  11 steelbarb worms
  3 large abominations (Zig:14)
  7 necromancers
  6 thermic dynamos
  An oklob plant (WizLab)
  19 deep elf zephyrmancers
  A shadow dragon skeleton (Zig:15)
  A tengu skeleton (Zig:25)
  7 orc sorcerers
  A broodmother zombie (Crypt:2)
  3 cyclopes (shapeshifter)
  A stone giant zombie (Crypt:3)
  48 ugly things
  20 wolf spiders
  6 cyclopes
  A fire giant skeleton (Zig:10)
  5 fauns (WizLab)
  An iron dragon skeleton (Crypt:2)
  2 salamanders
  A formless jellyfish zombie (Crypt:2)
  16 shining eyes
  A meliai (shapeshifter) (D:14)
  A stone giant skeleton (Crypt:3)
  10 elephants
  3 manticores
  20 black mambas
  12 meliai
  A glowing shapeshifter (Zig:20)
  7 kobold blastminers
  2 ice statues
  16 moths of wrath
  3 naga magi
  3 smoke demons
  An eleionoma skeleton (Crypt:2)
  5 apocalypse crabs (Zig:20)
  A titan simulacrum (Crypt:2)
  2 torpor snails (shapeshifter) (Vaults:5)
  22 vault sentinels
  5 guardian serpents
  A storm dragon simulacrum (Zig:13)
  A cane toad (shapeshifter) (Zig:20)
  8 eyes of devastation
  An unseen horror (D:11)
  A centaur skeleton (Crypt:2)
  9 cane toads
  6 torpor snails
  3 gargoyles
  6 freezing wraiths
  A hellion (Zig:13)
  An unseen horror zombie (Crypt:2)
  2 komodo dragons (shapeshifter)
  A yaktaur (shapeshifter) (Vaults:5)
  25 yaktaurs
  8 komodo dragons
  An orc skeleton (Crypt:2)
  4 tengu conjurers
  An ancient zyme (Zig:14)
  22 guardian mummies
  A purple draconian skeleton (Crypt:3)
  A tormentor (Zig:13)
  A silent spectre (Vaults:2)
  A hydra zombie (Crypt:2)
  A merfolk (shapeshifter) (Zig:20)
  A polar bear (Lair:4)
  13 trolls
  54 saltlings (Desolation)
  A hornet (shapeshifter) (Elf:1)
  22 hornets
  2 bloated husks
  7 tyrant leeches
  14 blink frogs
  A tarantella (shapeshifter) (Zig:20)
  16 tarantellas
  3 dream sheep
  A harpy skeleton (Crypt:2)
  5 glass eyes
  2 raiju (Zig:14)
  18 jumping spiders
  136 slime creatures
  An air elemental (Elf:3)
  20 culicivoras
  17 spriggans
  3 water elementals
  2 vampires
  7 wraiths
  A slime creature zombie (Crypt:3)
  5 wyverns
  A fire elemental (Elf:3)
  51 yaks
  5 ushabtiu
  A human (D:14)
  3 starcursed masses (Zig:14)
  3 basilisks
  A neqoxec (Zig:14)
  9 wargs
  30 redbacks
  9 golden eyes
  A golden eye (shapeshifter) (Zig:20)
  A wind drake skeleton (Crypt:2)
  3 steam dragons
  2 swamp worm simulacra (Swamp:4)
  2 chaos spawn
  3 acid dragons
  8 vampire mosquitoes
  A fire bat zombie (Crypt:3)
  17 swamp worms
  3 glowing shapeshifter zombies
  3 nagas
  18 hydra simulacra
  Duvessa (D:4)
  A glowing shapeshifter skeleton (Zig:15)
  16 water moccasins
  A cane toad skeleton (Crypt:1)
  2 swamp drakes
  An ice beast (D:7)
  50 orc warriors
  2 sky beasts
  6 laughing skulls
  5 boggarts (Vaults:2)
  16 ogres
  A wolf (Zig:11)
  4 centaurs
  A kobold brigand (D:8)
  2 earth elementals (Elf:1)
  7 bullfrogs
  A gnoll sergeant (D:7)
  4 scorpions
  A wyvern zombie (Crypt:2)
  2 small abominations (D:7)
  A water moccasin zombie (Crypt:2)
  A burial acolyte (Crypt:2)
  4 wights
  Dowan (D:4)
  9 killer bees
  A shapeshifter skeleton (Crypt:1)
  4 howler monkeys
  4 bombardier beetles
  A bullfrog zombie (Crypt:1)
  A gnoll bouda (D:9)
  An iron imp (D:7)
  7 hounds
  16 orc priests
  A black bear skeleton (Crypt:3)
  2 iguanas
  4 sleepcaps
  21 orc wizards
  4 hell rats (Lair:5)
  A deep dwarf skeleton (Crypt:1)
  2 naga skeletons (Crypt:2)
  30 mummies
  13 gnolls
  11 adders
  4 white imps
  6 ufetubi
  5 swamp drake simulacra (Swamp:4)
  A lava snake skeleton (Crypt:1)
  2 dart slugs
  A ribbon worm (D:4)
  75 orcs
  8 ball pythons
  5 endoplasms
  3 giant cockroaches
  6 goblins
  9 hobgoblins
  13 jackals
  13 kobolds
  4 quokkas
  8 bats
  3 frilled lizards
  A frilled lizard skeleton (Crypt:2)
  A gnoll skeleton (Crypt:1)
  A jackal skeleton (Crypt:3)
  A jackal zombie (Crypt:2)
  7 rats
  5 aspiring fleshes (Zig:8)
  4 ball lightnings (Zig:23)
  25 fire vortices
  A starspawn tentacle (Zig:14)
2819 creatures vanquished.

Vanquished Creatures (collateral kills)
  Frederick (Vaults:1)
  A royal mummy (Zig:25)
  Gastronok (D:8)
  2 ironbound preservers (Vaults:3)
  3 formless jellyfish
  A great orb of eyes (Vaults:1)
  2 ice dragons (Depths:1)
  The ghost of jrder the Carver, a novice TrFi of Trog (D:9)
  2 catoblepae (Lair:5)
  4 two-headed ogres
  A centaur warrior (D:14)
  A death yak (Lair:5)
  An orc high priest (Orc:2)
  A skyshark (Lair:4)
  2 deep trolls (Vaults:3)
  The ghost of selectiontoo the Toxicologist, a novice DsAl (D:7)
  A spriggan druid (Lair:3)
  5 ugly things
  A cyclops (D:11)
  An oklob plant (Lair:3)
  5 elephants
  3 black mambas (Lair:4)
  A torpor snail (Lair:3)
  3 cane toads
  4 rime drakes
  6 komodo dragons
  A freezing wraith (Swamp:4)
  A kobold demonologist (D:11)
  A tengu conjurer (D:14)
  A troll (D:9)
  3 hornets
  Prince Ribbit (D:6)
  14 blink frogs
  3 dream sheep (Lair:5)
  2 spriggans (Bailey)
  A water elemental (Elf:2)
  21 yaks
  A basilisk (D:10)
  A golden eye (shapeshifter) (D:13)
  2 vampire mosquitoes
  2 swamp worms
  An acid dragon (D:12)
  2 water moccasins
  3 orc warriors
  A swamp drake (D:10)
  5 ogres
  8 bullfrogs
  5 wights
  2 killer bees (D:9)
  A gnoll bouda (D:8)
  A hell rat (Lair:5)
  2 orc wizards
  A gnoll (D:8)
  A swamp drake simulacrum (Swamp:4)
  5 orcs
  2 kobolds (D:8)
150 creatures vanquished.

Vanquished Creatures (others)
  A pandemonium lord (Zig:20)
  The ghost of Bines the Petrodigitator, a legendary OpSh of Gozag (Zig:22)
  The ghost of CougarLife the Annihilator, a legendary GrEE of Vehumet (Zig:22)
  The ghost of Pixogrep the Metallomancer, a legendary OpCj of Gozag (Zig:22)
  The ghost of Oxtuo the Archmage, a legendary DECj of Gozag (Zig:22)
  The ghost of Feuw the Executioner, a veteran MiBe of Trog (Zig:22)
  4 shadow dragons
  A demonspawn black sun (Zig:22)
  A deep elf death mage (Zig:22)
  A thermic dynamo (Elf:3)
  A phantasmal warrior (Zig:22)
  A hornet (Swamp:1)
  An orc warrior (Elf:3)
  2 wights (D:8)
  4 orcs (Elf:3)
  8 ball lightnings (Elf:3)
  64 fire vortices
  A starspawn tentacle (Zig:14)
95 creatures vanquished.

Grand Total: 3064 creatures vanquished

Notes
Turn   | Place    | Note
-------+----------+-------------------------------------------
     0 | D:1      | SaltyWalty the Barachi Ice Elementalist began the quest for
                  | the Orb.
     0 | D:1      | Reached XP level 1. HP: 13/13 MP: 3/3
   119 | D:1      | Reached skill level 5 in Ice Magic
   187 | D:1      | Reached XP level 2. HP: 19/19 MP: 2/5
   820 | D:1      | Reached XP level 3. HP: 20/24 MP: 4/7
  1154 | D:2      | Learned a level 3 spell: Frozen Ramparts
  1158 | D:2      | Learned a level 3 spell: Ozocubu's Armour
  1515 | D:2      | Reached XP level 4. HP: 28/30 MP: 6/9
  1749 | D:2      | Reached skill level 6 in Ice Magic
  1865 | D:2      | Found a faded altar of an unknown god.
  2403 | D:2      | Reached XP level 5. HP: 23/35 MP: 5/10
  3201 | D:3      | Reached skill level 7 in Ice Magic
  3751 | D:4      | Reached XP level 6. HP: 32/41 MP: 1/12
  3903 | D:4      | Noticed Dowan
  3914 | D:4      | Killed Dowan
  3947 | D:4      | Noticed Duvessa
  3953 | D:4      | Killed Duvessa
  3954 | D:4      | Reached skill level 8 in Ice Magic
  4037 | D:4      | Reached XP level 7. HP: 46/46 MP: 10/14
  4412 | D:4      | Reached skill level 5 in Spellcasting
  4421 | D:4      | Learned a level 3 spell: Summon Ice Beast
  4527 | D:5      | Entered Level 5 of the Dungeon
  4699 | D:5      | Reached skill level 9 in Ice Magic
  4783 | D:5      | Found an iron altar of Okawaru.
  4946 | D:5      | Reached XP level 8. HP: 50/52 MP: 9/16
  5010 | D:5      | Found Jinoakh's Antique Weapon Boutique.
  5134 | D:5      | Reached skill level 10 in Ice Magic
  5557 | D:5      | Found Huelewy's General Store.
  5615 | D:5      | Found an ornate altar of the Wu Jian Council.
  5834 | D:5      | Found Fiahiras's Magic Scroll Shoppe.
  5837 | D:5      | Bought a scroll of identify for 26 gold pieces
  5837 | D:5      | Bought a scroll of identify for 26 gold pieces
  5838 | D:5      | Identified a scroll of acquirement
  5839 | D:5      | Acquired the +4 consecrated labrys {holy, Valiant ^Fragile
                  | Fly SInv}
  5839 | D:5      | Found the +4 consecrated labrys {holy, Valiant ^Fragile Fly
                  | SInv}
  6104 | D:6      | Found a bloodstained altar of Trog.
  6106 | D:6      | Found a blossoming altar of Fedhas.
  6340 | D:6      | Found a large runed translucent door.
  6340 | D:6      | Found a large runed translucent door.
  6372 | D:6      | Reached skill level 11 in Ice Magic
  6508 | D:6      | Noticed a komodo dragon
  6509 | D:6      | Found the +3 crown of Dyrovepreva {rElec Int+2 SInv}
  6533 | D:6      | Reached XP level 9. HP: 57/57 MP: 14/19
  6638 | D:6      | Found a large runed translucent door.
  6638 | D:6      | Found a large runed translucent door.
  6855 | D:6      | Reached skill level 12 in Ice Magic
  7852 | D:6      | Found a snail-covered altar of Cheibriados.
  7855 | D:6      | Found a burning altar of Makhleb.
  7977 | D:6      | Noticed Prince Ribbit
  7999 | D:6      | Killed Prince Ribbit
  8205 | D:6      | Killed a komodo dragon
  8206 | D:6      | Reached skill level 1 in Fighting
  8206 | D:6      | Reached skill level 1 in Shields
  8206 | D:6      | Reached skill level 13 in Ice Magic
  8317 | D:7      | Found a flagged portal.
  8320 | D:7      | Found a one-way gate to the infinite horrors of the Abyss.
  8320 | D:7      | Noticed selectiontoo's ghost (novice DsAl)
  8329 | Bailey   | Entered a bailey
  8332 | Bailey   | Upgraded the game from 0.32-a0-630-g46d191b0ed to
                  | 0.32-a0-643-ga006e7742e
  8418 | Bailey   | Reached XP level 10. HP: 16/68 MP: 18/22
  8604 | Bailey   | Noticed a two-headed ogre
  8618 | Bailey   | Killed a two-headed ogre
  8951 | D:7      | Found a transporter.
  8996 | D:7      | Found a transporter.
  9131 | D:7      | Upgraded the game from 0.32-a0-643-ga006e7742e to
                  | 0.32-a0-675-gdc239d62e1
  9394 | D:7      | Reached skill level 14 in Ice Magic
  9445 | D:7      | Reached skill level 1 in Armour
  9671 | D:7      | Noticed a two-headed ogre
  9675 | D:7      | Killed a two-headed ogre
 10074 | D:7      | Found a staircase to the Ecumenical Temple.
 10289 | Temple   | Entered the Ecumenical Temple
 10300 | Temple   | Became a worshipper of Vehumet
 10382 | D:8      | Noticed Gastronok
 10467 | D:8      | Noticed a two-headed ogre
 10614 | D:8      | Identified the +0 buckler "Esuid" {Dex+4}
 10660 | D:8      | Paralysed by a hornet for 1 turns
 11222 | D:8      | Killed a two-headed ogre
 11223 | D:8      | Reached skill level 5 in Fighting
 11223 | D:8      | Reached skill level 10 in Spellcasting
 11223 | D:8      | Reached XP level 11. HP: 79/79 MP: 10/25
 11427 | D:8      | Identified the +1 chain mail "Huerphow" {rElec rN+ Stlth+}
 11616 | D:8      | Killed Gastronok
 12048 | D:9      | Reached skill level 15 in Ice Magic
 12050 | D:9      | Reached skill level 5 in Shields
 12601 | D:9      | Reached * piety under Vehumet
 12601 | D:9      | Offered knowledge of Sting by Vehumet.
 12749 | D:9      | Found a runed translucent gate.
 12749 | D:9      | Found a runed translucent gate.
 12749 | D:9      | Found a runed translucent gate.
 12750 | D:9      | Noticed a ten-headed hydra
 12751 | D:9      | Noticed jrder's ghost (novice TrFi)
 12999 | D:9      | Identified the +2 rapier "Ocaaler" {protect, rC+ rCorr}
 13355 | D:9      | Found a staircase to the Orcish Mines.
 13529 | D:10     | Entered Level 10 of the Dungeon
 13810 | D:10     | Noticed a two-headed ogre
 13821 | D:10     | Killed a two-headed ogre
 14085 | D:10     | Reached ** piety under Vehumet
 14085 | D:10     | Offered knowledge of Sandblast by Vehumet.
 14253 | D:10     | Noticed Sonja
 14256 | D:10     | Killed Sonja
 14288 | D:10     | Noticed a two-headed ogre
 14297 | D:10     | Killed a two-headed ogre
 14298 | D:10     | Reached XP level 12. HP: 89/89 MP: 16/27
 14373 | D:10     | Reached skill level 16 in Ice Magic
 15156 | D:10     | Found a staircase to the Lair.
 15277 | D:11     | Noticed a two-headed ogre
 15282 | D:11     | Killed a two-headed ogre
 15411 | D:11     | Offered knowledge of Searing Ray by Vehumet.
 15488 | D:11     | Noticed Josephine
 15504 | D:11     | Killed Josephine
 15506 | D:11     | Noticed a centaur warrior
 15512 | D:11     | Killed a centaur warrior
 15842 | D:11     | Noticed a two-headed ogre
 15856 | D:11     | Killed a two-headed ogre
 16138 | D:11     | Reached skill level 17 in Ice Magic
 16748 | D:11     | Found Xurups's General Store.
 16856 | D:11     | Noticed a boulder beetle
 16915 | D:11     | Killed a boulder beetle
 16915 | D:11     | Reached *** piety under Vehumet
 17179 | D:11     | Found Vaweopnal's Assorted Antiques.
 17182 | D:11     | Bought a scroll labelled CEBBIR GAITS for 35 gold pieces
 17182 | D:11     | Bought 3 scrolls of identify for 210 gold pieces
 17386 | Lair:1   | Entered Level 1 of the Lair of Beasts
 17699 | Lair:1   | Gained mutation: You can hop long distances. [Barachi
                  | growth]
 17699 | Lair:1   | Reached XP level 13. HP: 93/99 MP: 21/30
 18226 | Lair:1   | Noticed zenocrate's ghost (journeyman OpEE)
 18236 | Lair:1   | Found a transporter.
 18251 | Lair:1   | Found a transporter.
 18649 | Lair:2   | Offered knowledge of Hailstorm by Vehumet.
 18930 | Lair:2   | Reached skill level 5 in Armour
 19090 | Lair:2   | Found a hole to the Spider Nest.
 19357 | Lair:2   | Reached skill level 5 in Dodging
 19363 | Lair:2   | Learned a level 3 spell: Hailstorm
 19489 | Lair:2   | Learned a level 2 spell: Ensorcelled Hibernation
 20274 | Lair:3   | Reached **** piety under Vehumet
 20342 | Lair:3   | Offered knowledge of Iskenderun's Mystic Blast by Vehumet.
 20348 | Lair:3   | Reached skill level 10 in Fighting
 21375 | Lair:3   | Gained mutation: Your spells are a little easier to cast,
                  | but a little less powerful. [potion of mutation]
 21375 | Lair:3   | Gained mutation: Your system is resistant to poisons.
                  | (rPois) [potion of mutation]
 21375 | Lair:3   | Gained mutation: You passively map a small area around you.
                  | [potion of mutation]
 22861 | Lair:3   | Reached skill level 18 in Ice Magic
 22879 | Lair:3   | Found a staircase to the Swamp.
 22927 | Lair:3   | Reached skill level 1 in Conjurations
 23490 | Lair:4   | Reached skill level 1 in Axes
 23531 | Lair:4   | Reached XP level 14. HP: 67/110 MP: 29/31
 23684 | Lair:4   | Upgraded the game from 0.32-a0-675-gdc239d62e1 to
                  | 0.32-a0-685-g93135e86f0
 24065 | Lair:4   | Found a viscous altar of Jiyva.
 24065 | Lair:4   | Found a staircase to the Slime Pits.
 24714 | Lair:5   | Entered Level 5 of the Lair of Beasts
 24729 | Lair:4   | Reached skill level 5 in Conjurations
 25632 | Orc:1    | Entered Level 1 of the Orcish Mines
 25632 | Orc:1    | Found Ydomilaq's Assorted Antiques.
 25754 | D:9      | Killed jrder's ghost
 25774 | D:9      | Identified the +4 broad axe of Integrity {venom, Str+4}
 25824 | Orc:1    | Noticed an orc warlord
 27170 | Lair:5   | Reached skill level 5 in Axes
 28745 | Lair:5   | Reached ***** piety under Vehumet
 28745 | Lair:5   | Offered knowledge of Ozocubu's Refrigeration by Vehumet.
 28755 | Lair:5   | Reached XP level 15. HP: 59/120 MP: 32/32
 29824 | Lair:5   | Identified the +7 sling of Bright Guile {drain, rElec Int+3
                  | Dex+2}
 30706 | D:12     | Noticed Frances
 30732 | D:12     | Killed Frances
 30861 | D:12     | Noticed Fannar
 30908 | D:11     | Reached skill level 10 in Conjurations
 31335 | D:12     | Noticed Erolcha
 31357 | D:12     | Killed Erolcha
 31602 | D:12     | Killed Fannar
 31741 | D:12     | Learned a level 7 spell: Ozocubu's Refrigeration
 33771 | D:9      | Killed an orc warlord
 33838 | Orc:1    | Noticed an orc warlord
 34083 | D:13     | Found Paxarra's Vocational Training.
 35320 | D:14     | Found an ornate altar of the Wu Jian Council.
 35583 | D:14     | You are sucked into a shaft and drop 1 floor!
 35583 | D:15     | Entered Level 15 of the Dungeon
 35651 | D:15     | Offered knowledge of Permafrost Eruption by Vehumet.
 35662 | D:15     | Learned a level 6 spell: Permafrost Eruption
 35682 | D:15     | Reached skill level 19 in Ice Magic
 35691 | D:15     | Found a flickering gateway to a bazaar.
 35700 | Bazaar   | Entered a bazaar
 35713 | Bazaar   | Found Juopileu's Armour Emporium.
 35725 | Bazaar   | Found Suel's Antique Weapon Emporium.
 35725 | Bazaar   | Found Herij's Armour Shoppe.
 35738 | Bazaar   | Found Uneuseh's Jewellery Emporium.
 35738 | Bazaar   | Found Selu Doe's Antique Armour Shoppe.
 35751 | Bazaar   | Found Custas's Jewellery Shoppe.
 35820 | Bazaar   | Bought a +1 pair of gloves for 126 gold pieces
 35820 | Bazaar   | Bought a +2 pair of boots for 181 gold pieces
 35904 | Bazaar   | Bought a shimmering helmet for 237 gold pieces
 35904 | Bazaar   | Identified the +0 helmet of Articulation {rN++ Int-3
                  | Slay+5} (You bought it in a shop in a bazaar)
 35924 | Bazaar   | Bought the ring "Xevug" {^Drain Fly rN++ rCorr} for 340
                  | gold pieces
 36106 | D:14     | Found a gate to the Vaults.
 36380 | D:9      | Killed an orc warlord
 36576 | Orc:1    | Reached XP level 16. HP: 128/131 MP: 28/33
 36626 | Orc:1    | Bought a bubbling puce potion for 33 gold pieces
 36626 | Orc:1    | Bought a scroll of identify for 74 gold pieces
 36685 | Orc:1    | Found a transporter.
 36686 | Orc:1    | Noticed Gryn's ghost (journeyman SpDe)
 36707 | Orc:1    | Found a transporter.
 36799 | Orc:1    | Noticed Nergalle
 36815 | Orc:1    | Killed Nergalle
 36816 | Orc:1    | Reached skill level 1 in Earth Magic
 37227 | Orc:2    | Entered Level 2 of the Orcish Mines
 37542 | Orc:2    | Found Besun's Antique Weapon Boutique.
 37572 | Orc:2    | Found Seda's Antique Armour Boutique.
 37599 | Orc:2    | Noticed Snorg
 37602 | Orc:2    | Killed Snorg
 37698 | Orc:2    | Found Deic's General Store.
 37708 | Orc:2    | Bought a scroll of identify for 24 gold pieces
 37903 | Orc:2    | Found a staircase to the Elven Halls.
 38081 | Orc:2    | Found Vieduf's Book Boutique.
 38395 | Swamp:1  | Entered Level 1 of the Swamp
 38423 | Swamp:1  | Noticed a fenstrider witch
 38470 | Swamp:1  | Identified the serpent talisman "Hempirr" {rC- rCorr Int+2}
 38470 | Swamp:1  | Noticed Aizul
 38488 | Swamp:1  | Killed Aizul
 39046 | Swamp:1  | Killed a fenstrider witch
 39251 | Swamp:1  | Reached skill level 20 in Ice Magic
 39516 | Swamp:2  | Offered knowledge of Spellforged Servitor by Vehumet.
 39734 | Swamp:2  | Reached skill level 15 in Spellcasting
 39966 | Swamp:2  | Learned a level 3 spell: Passwall
 39968 | Swamp:2  | Learned a level 1 spell: Apportation
 40040 | Swamp:2  | Noticed a tentacled monstrosity
 40046 | Swamp:2  | Killed a tentacled monstrosity
 40155 | Swamp:3  | Reached skill level 5 in Earth Magic
 40215 | Swamp:3  | Reached XP level 17. HP: 137/137 MP: 19/36
 40462 | Swamp:3  | Identified the +0 pair of boots of the Clam {Fly rPois
                  | Str-2 Dex+6}
 40680 | Swamp:3  | Acquired the ring of Sovereignty {MP+9 Slay+3}
 40798 | Swamp:3  | Reached skill level 21 in Ice Magic
 41130 | Swamp:4  | Entered Level 4 of the Swamp
 41133 | Swamp:4  | Offered knowledge of Freezing Cloud by Vehumet.
 41140 | Swamp:4  | Learned a level 5 spell: Freezing Cloud
 41387 | Swamp:4  | Reached ****** piety under Vehumet
 42654 | Swamp:4  | Got a decaying rune of Zot
 43043 | Elf:1    | Entered Level 1 of the Elven Halls
 43043 | Elf:1    | Noticed Roxanne
 43114 | Elf:1    | Noticed an Ice Fiend
 43687 | Vaults:1 | Entered Level 1 of the Vaults
 43699 | Vaults:1 | Paralysed by a formless jellyfish for 1 turns
 44294 | Vaults:1 | Offered knowledge of Iskenderun's Battlesphere by Vehumet.
 44295 | Vaults:1 | Reached skill level 22 in Ice Magic
 44436 | Vaults:1 | Reached XP level 18. HP: 111/144 MP: 27/38
 46019 | Vaults:2 | Identified the orb "Jecic" {*channel, rC+ Str+2 Int+2 Tloc}
 46019 | Vaults:2 | Noticed Frederick
 46430 | Vaults:1 | Killed Frederick
 46431 | Vaults:1 | Reached skill level 10 in Axes
 47007 | Vaults:2 | Noticed Sojobo
 47007 | Vaults:2 | Noticed a lich
 47120 | Vaults:2 | Offered knowledge of Bombard by Vehumet.
 47729 | Vaults:2 | Reached skill level 23 in Ice Magic
 48709 | Elf:1    | Killed Roxanne
 49318 | Elf:1    | You are sucked into a shaft and drop 1 floor!
 49321 | Elf:2    | Found a crumbling gateway.
 49321 | Elf:2    | Found Gehaudas's Magic Scroll Shoppe.
 49328 | Elf:2    | Reached XP level 19. HP: 144/153 MP: 32/41
 49351 | Desolati | Entered the Desolation of Salt
 49558 | Desolati | Identified the +3 war axe of Hunon {flame, Dex+5}
 49791 | Desolati | Identified the +6 long sword "Pyemit" {pain, rElec Str+3}
 49796 | Desolati | Identified the +3 trident "Okhus" {drain, rF+ Will+}
 50080 | Desolati | Offered knowledge of Maxwell's Capacitive Coupling by
                  | Vehumet.
 50369 | Desolati | Identified the ring "Pitsiam" {rF+ rCorr Int+5}
 50400 | Desolati | Reached skill level 15 in Fighting
 50518 | Desolati | Identified the amulet of Moderation {Acrobat rCorr Str+6}
 50562 | Desolati | Identified the +5 scale mail "Sailiwuo" {+Blink}
 50566 | Desolati | Got the Anthology of Bitter Anthracomancy
 51149 | Elf:2    | Upgraded the game from 0.32-a0-685-g93135e86f0 to
                  | 0.32-a0-705-g60f233581c
 51158 | Elf:2    | Found Atwerire's General Store.
 51168 | Elf:2    | Bought a scroll of identify for 30 gold pieces
 51168 | Elf:2    | Bought a scroll of fog for 60 gold pieces
 51168 | Elf:2    | Bought a scroll of identify for 30 gold pieces
 51168 | Elf:2    | Bought a scroll of blinking for 112 gold pieces
 51168 | Elf:2    | Bought a scroll of identify for 30 gold pieces
 51168 | Elf:2    | Bought a scroll of summoning for 142 gold pieces
 51178 | Elf:2    | Bought a potion of magic for 112 gold pieces
 51224 | Elf:2    | Found Hygotara's Antique Weapon Boutique.
 51493 | Elf:1    | Reached skill level 24 in Ice Magic
 52797 | Elf:2    | Found Cafomi's Jewellery Boutique.
 52992 | Elf:2    | Found a runed translucent gate.
 52993 | Elf:2    | Found a runed translucent gate.
 52996 | Elf:2    | Found a runed translucent gate.
 53045 | Elf:2    | Offered knowledge of Fire Storm by Vehumet.
 53045 | Elf:2    | Offered knowledge of Shatter by Vehumet.
 53045 | Elf:2    | Offered knowledge of Polar Vortex by Vehumet.
 53114 | Elf:2    | Learned a level 9 spell: Polar Vortex
 54127 | Elf:2    | Reached XP level 20. HP: 163/163 MP: 20/43
 54263 | Elf:3    | Entered Level 3 of the Elven Halls
 54263 | Elf:3    | Noticed Saint Roka
 54275 | Elf:2    | Killed Saint Roka
 54472 | Elf:3    | Noticed Nikola
 54472 | Elf:3    | Found Huxipn's Self-Improvement Boutique.
 54497 | Elf:2    | Killed Nikola
 54948 | Elf:3    | Noticed Zenata
 55080 | Elf:2    | Killed Zenata
 55796 | Elf:3    | Found a radiant altar of Vehumet.
 56256 | Elf:3    | Identified the amulet "Juiv Jeo" {Faith +Inv rPois rC+++
                  | Dex-2}
 56657 | Elf:3    | Identified the ring of Biaquepp {Fire rN+ Str-2 Int+2}
 56710 | Elf:3    | Reached skill level 25 in Ice Magic
 56711 | Elf:3    | Identified the +3 short sword "Ocaodd" {elec, *Rage Int+6
                  | Dex+2}
 56711 | Elf:3    | Identified the +0 troll leather armour "Xiaxaewn" {Rampage
                  | rF- Regen+ Int+3 Stlth+}
 57371 | Elf:3    | Identified the +5 spear "Jehogun" {heavy, rC+ Will++ Str+4}
 58237 | Elf:3    | Got the Book of the Hierophant
 58269 | Elf:3    | Identified the +0 short sword "Soffig" {flame, rElec Str+2}
 58298 | Elf:3    | Got the Teachings on Misfortune
 58308 | Elf:3    | Learned a level 6 spell: Sculpt Simulacrum
 58312 | Elf:3    | Identified the staff of Superiority {rPois Str+2 Summ
                  | Alchemy}
 58919 | Vaults:2 | Found Muvvakk's Magic Scroll Shoppe.
 58924 | Vaults:2 | Bought a scroll of identify for 28 gold pieces
 58924 | Vaults:2 | Bought a scroll of blinking for 105 gold pieces
 58924 | Vaults:2 | Bought a scroll of teleportation for 42 gold pieces
 59154 | Vaults:2 | Found a transporter.
 59259 | Vaults:2 | Found a portal to a secret trove of treasure.
 59287 | Vaults:2 | Killed Sojobo
 60033 | Vaults:2 | Found a transporter.
 60034 | Vaults:2 | Found a runed translucent door.
 60078 | Vaults:2 | Found a bloodstained altar of Trog.
 60078 | Vaults:2 | Found the +8 Wrath of Trog {antimagic, *Rage Rampage}
 60253 | Vaults:2 | Reached XP level 21. HP: 171/171 MP: 36/45
 60560 | Vaults:2 | Identified the +0 eveningstar "Killer Klown's Bane" {venom,
                  | rC+ MP+9}
 60562 | Vaults:2 | Identified the +0 chain mail of the Sun {rN+ Int+4}
 60714 | Vaults:3 | Found Unio's General Store.
 60736 | Vaults:3 | Found Zoihi's Book Shoppe.
 61278 | Vaults:3 | Found a staircase to the Crypt.
 62221 | Vaults:3 | Found Ingiw's Assorted Antiques.
 62408 | Vaults:3 | Reached skill level 26 in Ice Magic
 63400 | Vaults:4 | Reached skill level 10 in Armour
 63810 | Vaults:4 | Paralysed by a formless jellyfish for 1 turns
 64080 | Vaults:4 | Reached skill level 10 in Shields
 64300 | Vaults:4 | Reached XP level 22. HP: 178/178 MP: 33/47
 64749 | Vaults:4 | Paralysed by a formless jellyfish for 1 turns
 65728 | Vaults:5 | Entered Level 5 of the Vaults
 65738 | Vaults:5 | Reached skill level 10 in Dodging
 66053 | Vaults:4 | Upgraded the game from 0.32-a0-705-g60f233581c to
                  | 0.32-a0-747-gc8563f6773
 66572 | D:7      | Killed selectiontoo's ghost
 66855 | Lair:1   | Killed zenocrate's ghost
 67116 | Orc:1    | Found a bloodstained altar of Trog.
 67139 | Orc:1    | Killed Gryn's ghost
 67946 | D:15     | Found a staircase to the Depths.
 68294 | D:15     | Found a stormy altar of Qazlal.
 68419 | Depths:1 | Entered Level 1 of the Depths
 68636 | Depths:1 | Reached skill level 15 in Axes
 68657 | Depths:1 | Reached XP level 23. HP: 137/184 MP: 14/49
 68813 | Depths:1 | Found a broken altar of Ashenzari.
 68987 | Depths:1 | Reached skill level 15 in Armour
 69428 | Depths:1 | Found a gateway to Hell.
 70624 | Spider:1 | Entered Level 1 of the Spider Nest
 72682 | Spider:4 | Entered Level 4 of the Spider Nest
 73700 | Spider:4 | Got a gossamer rune of Zot
 73819 | Spider:4 | Found a runed translucent gate.
 73820 | Spider:4 | Found a runed translucent gate.
 73820 | Spider:4 | Found a runed translucent gate.
 73826 | Spider:4 | Noticed Horphaoge's ghost (adept MDCA)
 73826 | Spider:4 | Noticed Qinioff's ghost (adept GrEE)
 73826 | Spider:4 | Noticed Niv Okit's ghost (adept TeFi)
 74152 | Spider:3 | Killed Niv Okit's ghost
 74295 | Spider:4 | Killed Horphaoge's ghost
 74306 | Spider:4 | Killed Qinioff's ghost
 74708 | Slime:1  | Entered Level 1 of the Pits of Slime
 74708 | Slime:1  | Found a viscous altar of Jiyva.
 74713 | Slime:1  | Gained mutation: You are weak. (Str -2) [a shining eye]
 74718 | Slime:1  | Reached XP level 24. HP: 191/191 MP: 42/49
 76541 | Slime:4  | Noticed Dissolution
 76546 | Slime:4  | Killed Dissolution
 76768 | Slime:5  | Entered Level 5 of the Pits of Slime
 77254 | Slime:5  | Noticed the Royal Jelly
 77618 | Slime:5  | Found a viscous altar of Jiyva.
 77866 | Slime:5  | Reached skill level 27 in Ice Magic
 78017 | Slime:5  | Killed the Royal Jelly
 78172 | Slime:5  | Got a slimy rune of Zot
 78239 | Slime:5  | Acquired the ring of Vawual {rPois rC- Str+7 Int+6}
 78298 | Slime:5  | Learned a level 2 spell: Sublimation of Blood
 78300 | Slime:5  | Identified the +6 war axe of Liekuivi {venom, rPois Will-
                  | Str+4 Int+3}
 78379 | Slime:5  | Paralysed by a formless jellyfish for 1 turns
 79111 | Vaults:2 | You showed the slimy rune of Zot to enter a treasure trove
 79112 | Trove    | Entered a treasure trove
 79120 | Trove    | Identified the ring "Byishen" {*Slow rElec rPois rC+ SInv}
 79122 | Trove    | Identified the ring "Jotoy" {Wiz rPois rN+}
 79132 | Trove    | Identified the orb "Ydiuc" {*channel, ^Contam Dex+5
                  | Alchemy}
 79134 | Trove    | Identified the +3 dagger of Ragnarok {spect, rF+ Int+3
                  | Stlth+}
 79149 | Trove    | Identified the +0 ring mail of Fikk {rElec rN+ Dex-5 SInv}
 79151 | Trove    | Identified the +2 mace of the Mouth {flame, rPois rC+ rN+}
 79715 | Vaults:5 | Reached XP level 25. HP: 166/197 MP: 15/50
 80050 | Vaults:5 | Identified the +0 pair of boots "Derexoan" {rF+ Dex+4}
 80402 | Vaults:5 | Reached skill level 1 in Fire Magic
 80533 | Vaults:5 | Identified the +6 dagger of the Trees {heavy, rElec rC-
                  | Int+3}
 80676 | Vaults:5 | Identified the amulet "Una Les" {Spirit Dex+5}
 80745 | Vaults:5 | Identified the amulet "Vujooser" {rF+ RegenMP+ Int+3}
 81448 | Vaults:5 | Got a silver rune of Zot
 81490 | Vaults:5 | Learned a level 6 spell: Bombard
 81722 | Depths:2 | Found a one-way gateway to a ziggurat.
 81790 | Depths:2 | Found a one-way gate leading to the halls of Pandemonium.
 81805 | Depths:2 | Found a magical portal.
 81862 | WizLab   | Entered Eringya's Formal Garden
 81935 | WizLab   | Reached skill level 10 in Earth Magic
 82540 | WizLab   | Found a blossoming altar of Fedhas.
 83176 | Depths:2 | Acquired the ring of Jupulapsu {rC+ MP+9 Dex+4}
 83821 | Depths:2 | Found a hazy altar of Hepliaklqana.
 83983 | Depths:3 | Reached skill level 15 in Conjurations
 84163 | Depths:3 | Reached XP level 26. HP: 204/204 MP: 14/50
 84206 | Depths:3 | You are sucked into a shaft and drop 1 floor!
 84206 | Depths:4 | Entered Level 4 of the Depths
 84206 | Depths:4 | Found Zin's Purification Station.
 84212 | Depths:4 | Found a glowing silver altar of Zin.
 84263 | Depths:4 | Bought a potion of curing for 90 gold pieces
 84325 | Depths:3 | Identified the +7 short sword "Esibya" {pain, Str+3 Int+5
                  | Dex+6}
 84334 | Depths:3 | Found Koiruz's Weapon Shoppe.
 85088 | Depths:3 | Found the +2 Maxwell's thermic engine {flame, freeze, rev}
 85144 | Depths:4 | Noticed Jory
 85656 | Depths:4 | HP: 3/204 [Jory/crystal spear (79)]
 85665 | Depths:4 | Killed Jory
 86802 | Depths:4 | Found a runed translucent door.
 86807 | Depths:4 | Found a runed translucent door.
 86812 | Depths:4 | Found a runed translucent door.
 86812 | Depths:4 | Found a runed translucent door.
 86908 | Depths:4 | Found a runed translucent door.
 86951 | Depths:4 | Found a runed translucent door.
 87088 | Depths:4 | Found a gate to the Realm of Zot.
 87693 | D:5      | Bought a scroll of fear for 52 gold pieces
 87693 | D:5      | Bought a scroll of fog for 52 gold pieces
 87725 | D:5      | Bought a scroll of fog for 48 gold pieces
 87725 | D:5      | Bought a potion of experience for 600 gold pieces
 87731 | D:5      | Reached XP level 27. HP: 210/210 MP: 50/50
 88161 | Zot:1    | Entered Level 1 of the Realm of Zot
 88686 | Zot:1    | Noticed an orb of fire
 88686 | Zot:1    | Noticed an orb of fire
 88686 | Zot:1    | Noticed an orb of fire
 88699 | Zot:1    | Gained mutation: Your magical capacity is low. (-10% MP)
                  | [an orb of fire]
 88703 | Zot:1    | Killed an orb of fire
 88868 | Zot:1    | Noticed Parghit
 88969 | Zot:1    | Gained mutation: You occasionally lose the ability to drink
                  | potions when taking damage. [an orb of fire]
 88975 | Zot:1    | Noticed an orb of fire
 88983 | Zot:1    | Killed an orb of fire
 88983 | Zot:1    | Killed an orb of fire
 89304 | Zot:1    | Gained mutation: You sometimes lose the ability to drink
                  | potions when taking damage. [an orb of fire]
 89307 | Zot:1    | Killed an orb of fire
 89308 | Zot:1    | Lost mutation: You are weak. (Str -2) [potion of mutation]
 89308 | Zot:1    | Lost mutation: You passively map a small area around you.
                  | [potion of mutation]
 89308 | Zot:1    | Gained mutation: You have sharp toenails. [potion of
                  | mutation]
 89308 | Zot:1    | Gained mutation: Your magical capacity is very low. (-20%
                  | MP) [potion of mutation]
 89309 | Zot:1    | Lost mutation: Your spells are a little easier to cast, but
                  | a little less powerful. [potion of mutation]
 89309 | Zot:1    | Lost mutation: You have sharp toenails. [potion of
                  | mutation]
 89309 | Zot:1    | Lost mutation: Your system is resistant to poisons. (rPois)
                  | [potion of mutation]
 89309 | Zot:1    | Gained mutation: Your spells are a little harder to cast,
                  | but a little more powerful. [potion of mutation]
 89310 | Zot:1    | Lost mutation: Your magical capacity is very low. (-20% MP)
                  | [potion of mutation]
 89310 | Zot:1    | Lost mutation: Your spells are a little harder to cast, but
                  | a little more powerful. [potion of mutation]
 89310 | Zot:1    | Gained mutation: You are agile. (Dex +4, Str/Int -1)
                  | [potion of mutation]
 89310 | Zot:1    | Gained mutation: You have a beak for a mouth. [potion of
                  | mutation]
 89311 | Zot:1    | Lost mutation: Your magical capacity is low. (-10% MP)
                  | [potion of mutation]
 89311 | Zot:1    | Lost mutation: You have a beak for a mouth. [potion of
                  | mutation]
 89311 | Zot:1    | Gained mutation: You are partially covered in iridescent
                  | scales. (AC +2) [potion of mutation]
 89311 | Zot:1    | Gained mutation: Your spells are a little harder to cast,
                  | but a little more powerful. [potion of mutation]
 89699 | Crypt:1  | Entered Level 1 of the Crypt
 89850 | Crypt:1  | Reached skill level 15 in Earth Magic
 91103 | Crypt:2  | Acquired the +0 pair of boots "Bugepash" {rN+}
 91506 | Crypt:2  | Found an ancient bone altar of Kikubaaqudgha.
 91735 | Crypt:3  | Entered Level 3 of the Crypt
 92439 | Crypt:3  | Found a staircase to the Tomb.
 92516 | Crypt:3  | Noticed a dread lich
 92516 | Crypt:3  | Noticed a dread lich
 92531 | Crypt:3  | Killed a dread lich
 92532 | Crypt:3  | Killed a dread lich
 92786 | Crypt:3  | Identified the ring "Tinarr" {Fire *Corrode rN++ Str+2}
 92787 | Crypt:3  | Identified the ring "Siamn" {rN++ AC+4 Int+5}
 92788 | Crypt:3  | Identified the ring "Heffub" {^Contam rC+ rN+ Str+2 Dex+2}
 92789 | Crypt:3  | Identified the amulet of Soepoun {Faith Rampage rC+ MP+9
                  | Str-2}
 92794 | Crypt:3  | Identified the +3 shortbow "Xaigoq" {drain, rF+++ Int-4
                  | Dex+4 Stlth+}
 92796 | Crypt:3  | Identified the staff of Arrival {rPois Dex+3 Necro Alchemy}
 92826 | Crypt:3  | Learned a level 9 spell: Shatter
 92839 | Crypt:3  | Learned a level 9 spell: Fire Storm
 93156 | Zig:1    | Entered Level 1 of a ziggurat
 93177 | Zig:2    | Entered Level 2 of a ziggurat
 93207 | Zig:3    | Entered Level 3 of a ziggurat
 93231 | Zig:4    | Entered Level 4 of a ziggurat
 93232 | Zig:4    | Found the +7 great mace "Undeadhunter" {deathbane, rN+}
 93233 | Zig:4    | Noticed Paosimoq the pandemonium lord
 93238 | Zig:4    | Killed Paosimoq the pandemonium lord
 93296 | Zig:4    | Identified the +2 hand axe of Turmoil {flame, *Rage rF+ rC+
                  | MP+9}
 93302 | Zig:5    | Entered Level 5 of a ziggurat
 93338 | Zig:5    | Identified the amulet "Zont" {Faith rElec Str+4 SInv
                  | Stlth+}
 93371 | Zig:6    | Entered Level 6 of a ziggurat
 93405 | Zig:6    | Identified the +4 mace of the Dwarven Hall {pain, Str+2
                  | SInv}
 93411 | Zig:7    | Entered Level 7 of a ziggurat
 93483 | Zig:8    | Entered Level 8 of a ziggurat
 93533 | Zig:8    | Identified the staff of the Coin {rC+ Will+ Ice}
 93541 | Zig:8    | Identified the amulet "Yloifuor" {rC+ RegenMP+ Str+3 Int+3}
 93552 | Zig:9    | Entered Level 9 of a ziggurat
 93615 | Zig:9    | Identified the +5 chain mail "Mejelloe" {rElec rCorr MP+9
                  | Int+4}
 93623 | Zig:9    | Identified the staff of the Gloaming {rElec Str+4 Int+4
                  | Air}
 93630 | Zig:9    | Identified the +0 war axe of Zaocvaso {vamp, *Noise rElec
                  | rN+++ Str+3}
 93634 | Zig:10   | Entered Level 10 of a ziggurat
 93640 | Zig:10   | Noticed a royal mummy
 93642 | Zig:10   | Noticed a royal mummy
 93646 | Zig:10   | Killed a royal mummy
 93647 | Zig:10   | Killed a royal mummy
 93725 | Zig:10   | Identified the +8 broad axe of the Twisting Traitor {chaos,
                  | rElec rN+ Will++ Str-5}
 93726 | Zig:10   | Identified the +4 ring mail "Esoenk" {Rampage *Corrode
                  | Int+5}
 93727 | Zig:10   | Identified the amulet "Hioqangu" {Will- Regen+ Str+3}
 93740 | Zig:11   | Entered Level 11 of a ziggurat
 93854 | Zig:11   | Identified the +0 leather armour of Existentialism {Int+4}
 93856 | Zig:11   | Identified the +8 hand axe "Fafav" {heavy, rPois rF+ Str-4
                  | SInv}
 93876 | Zig:12   | Entered Level 12 of a ziggurat
 94015 | Zig:12   | Identified the +6 trident "Gauvom" {flame, rElec Int-3
                  | Dex+4 SInv}
 94040 | Zig:13   | Entered Level 13 of a ziggurat
 94420 | Zig:13   | Identified the +5 chain mail of the Lonely Realms {Dex+6}
 94426 | Zig:13   | Identified the staff "Frog's Death" {rPois Str+3 Alchemy}
 94430 | Zig:13   | Identified the +1 dagger "Jiur" {antimagic, Will+ Dex+4}
 94431 | Zig:13   | Identified the +7 flail "Hogged" {drain, Fly rElec Str+5
                  | Dex-5}
 94541 | Zig:14   | Entered Level 14 of a ziggurat
 94694 | Zig:14   | Identified the +7 spear "Nathogad" {freeze, rCorr Int+3}
 94714 | Zig:14   | Identified the staff of the Doomed Warrior {rPois rF+ rC+
                  | Str+3 Necro Fire}
 94721 | Zig:14   | Identified the +5 mace of Ru's Generosity {spect, ^Fragile
                  | rF+ rN+ Dex+4}
 94726 | Zig:14   | Identified the +4 demon blade "Frog's Regret" {vamp, rElec
                  | rC+ Int+3 Stlth+}
 94733 | Zig:15   | Entered Level 15 of a ziggurat
 94737 | Zig:15   | Noticed a royal mummy
 94743 | Zig:15   | Noticed a royal mummy
 94743 | Zig:15   | Noticed a royal mummy
 94744 | Zig:15   | Killed a royal mummy
 94745 | Zig:15   | Killed a royal mummy
 94745 | Zig:15   | Killed a royal mummy
 94745 | Zig:15   | Noticed a royal mummy
 94747 | Zig:15   | Noticed a royal mummy
 94749 | Zig:15   | Killed a royal mummy
 94749 | Zig:15   | Noticed a royal mummy
 94749 | Zig:15   | HP: 9/210 [??? (4)]
 94750 | Zig:15   | Killed a royal mummy
 94755 | Zig:15   | Killed a royal mummy
 94761 | Zig:15   | HP: 8/210 [something (20)]
 95141 | Zig:15   | Identified the ring "Itetzira" {^Drain rElec rPois Will+
                  | Dex+3}
 95146 | Zig:15   | Identified the +0 scale mail "Makonet" {Rampage Fly rF+}
 95154 | Zig:15   | Identified the +7 mace of Cruel Justice {pain, ^Fragile
                  | rF++ rC+ rCorr}
 95155 | Zig:15   | Identified the ring "Opontor" {Fire Dex+8}
 95174 | Zig:16   | Entered Level 16 of a ziggurat
 95278 | Zig:16   | Found the +8 trishula "Condemnation" {holy, anguish, *Noise
                  | Fly rN+}
 95282 | Zig:16   | Identified the +8 whip of Nootre {drain, Int+3 Dex+3}
 95283 | Zig:16   | Identified the +6 glaive of the Philosopher {flame, Int+3}
 95287 | Zig:16   | Identified the +8 plate armour of Ru's Approval {Will++
                  | Str+2 Dex+4}
 95289 | Zig:16   | Identified the +7 trident of the Revolution {freeze, Fly
                  | Will+ Str+3}
 95307 | Zig:16   | Identified the ring of Dim Light {Fly rN+ MP+9 Str-4
                  | Stlth+}
 95318 | Zig:17   | Entered Level 17 of a ziggurat
 95337 | Zig:17   | Found the +10 Black Knight's barding {ponderous, rPois rN+}
 95373 | Zig:17   | Identified the +2 shortbow of Demand {flame, rElec Str-5
                  | Dex+4 SInv}
 95376 | Zig:17   | Identified the -1 cloak "Tuady" {Rampage +Inv Str-4}
 95381 | Zig:17   | Identified the ring of Nasmi {rN+++ rCorr MP+9 Dex-2
                  | Slay-2}
 95393 | Zig:17   | Identified the ring "Nianud" {Str+6 Int+3 Slay+2}
 95407 | Zig:18   | Entered Level 18 of a ziggurat
 95415 | Zig:18   | Noticed an ancient lich
 95416 | Zig:18   | Killed an ancient lich
 95424 | Zig:18   | Noticed a dread lich
 95424 | Zig:18   | Killed a dread lich
 95426 | Zig:18   | Reached skill level 5 in Fire Magic
 95476 | Zig:18   | Identified the ring "Hukleg" {Fly rElec Dex+3 Slay+2}
 95485 | Zig:18   | Identified the +6 broad axe of Drought {drain, rCorr SInv
                  | Stlth+}
 95491 | Zig:18   | Identified the +12 orcbow "Dituryil" {flame, rN+ Str+4}
 95496 | Zig:18   | Identified the +4 war axe "Kiogid" {venom, *Rage Str+5
                  | SInv}
 95611 | Zig:19   | Entered Level 19 of a ziggurat
 95621 | Zig:19   | Noticed an ancient lich
 95621 | Zig:19   | Noticed an ancient lich
 95621 | Zig:19   | Noticed a dread lich
 95622 | Zig:19   | Killed an ancient lich
 95624 | Zig:19   | Killed a dread lich
 95625 | Zig:19   | Killed an ancient lich
 95696 | Zig:19   | Identified the +0 chain mail "Uxzel" {^Drain +Inv Dex+6}
 95697 | Zig:19   | Identified the +10 trident of Cinillorr {flame, ^Drain
                  | rElec rPois Int+3}
 95719 | Zig:20   | Entered Level 20 of a ziggurat
 95731 | Zig:20   | Noticed Zefiob the pandemonium lord
 95731 | Zig:20   | Noticed Xofaomed the pandemonium lord
 95732 | Zig:20   | Noticed Solol the pandemonium lord
 95732 | Zig:20   | Noticed Goalab the pandemonium lord
 95734 | Zig:20   | Noticed Vaudikod the pandemonium lord
 95735 | Zig:20   | Noticed Jotz the pandemonium lord
 95736 | Zig:20   | Reached skill level 10 in Fire Magic
 95736 | Zig:20   | Killed Vaudikod the pandemonium lord
 95737 | Zig:20   | Killed Xofaomed the pandemonium lord
 95742 | Zig:20   | Killed Solol the pandemonium lord
 95744 | Zig:20   | Found the +3 greatsling "Punk" {acid, rCorr}
 95744 | Zig:20   | Killed Goalab the pandemonium lord
 95745 | Zig:20   | Killed Zefiob the pandemonium lord
 95752 | Zig:20   | Killed Jotz the pandemonium lord
 96041 | Zig:20   | Acquired the +2 pair of boots of the Saviour {Harm rElec
                  | rF+}
 96048 | Zig:20   | Identified the +4 flail of Dum Vino {freeze, rF+ Int+3}
 96154 | Zig:21   | Entered Level 21 of a ziggurat
 96168 | Zig:21   | Gained mutation: Potions are less effective at restoring
                  | your health. [a shining eye]
 96258 | Zig:21   | Found the +8 storm bow {elec, penet}
 96267 | Zig:21   | Identified the ring of the Omega Point {*Corrode rN+ Will+
                  | Int-5 Dex+10}
 96286 | Zig:21   | Identified the +0 leather armour of Cuschiug {Rampage rPois
                  | Int-2 SInv}
 96288 | Zig:21   | Identified the amulet "Eseasaum" {Spirit *Corrode rF+++
                  | Int+2 Dex-2}
 96307 | Zig:21   | Identified the ring of the Median {Will+ rCorr}
 96310 | Zig:21   | Identified the +6 falchion of Molos {holy, Will+ Int+3
                  | SInv}
 96314 | Zig:21   | Reached skill level 15 in Fire Magic
 96319 | Zig:22   | Entered Level 22 of a ziggurat
 96331 | Zig:22   | Noticed Bines's ghost (legendary OpSh)
 96332 | Zig:22   | Noticed Feuw's ghost (veteran MiBe)
 96332 | Zig:22   | Noticed Oxtuo's ghost (legendary DECj)
 96332 | Zig:22   | Noticed CougarLife's ghost (legendary GrEE)
 96334 | Zig:22   | Noticed Quogoet's ghost (legendary OpSh)
 96335 | Zig:22   | Noticed Suwusiqo's ghost (legendary DjCj)
 96335 | Zig:22   | Noticed Pixogrep's ghost (legendary OpCj)
 96340 | Zig:22   | Killed Quogoet's ghost
 96340 | Zig:22   | Noticed Bines's ghost (legendary OpSh)
 96344 | Zig:22   | Noticed Feuw's ghost (veteran MiBe)
 96349 | Zig:22   | Killed Pixogrep's ghost
 96349 | Zig:22   | Killed CougarLife's ghost
 96349 | Zig:22   | Killed Feuw's ghost
 96349 | Zig:22   | Killed Bines's ghost
 96352 | Zig:22   | Killed Suwusiqo's ghost
 96352 | Zig:22   | Killed Oxtuo's ghost
 96356 | Zig:22   | Killed Bines's ghost
 96356 | Zig:22   | Killed Feuw's ghost
 96664 | Zig:22   | Lost mutation: You are agile. (Dex +4, Str/Int -1) [potion
                  | of mutation]
 96664 | Zig:22   | Lost mutation: You sometimes lose the ability to drink
                  | potions when taking damage. [potion of mutation]
 96664 | Zig:22   | Lost mutation: Your spells are a little harder to cast, but
                  | a little more powerful. [potion of mutation]
 96664 | Zig:22   | Gained mutation: Armour fits poorly on your strangely
                  | shaped body. [potion of mutation]
 96664 | Zig:22   | Gained mutation: You are clumsy. (Dex -2) [potion of
                  | mutation]
 96664 | Zig:22   | Gained mutation: You are mostly covered in iridescent
                  | scales. (AC +4) [potion of mutation]
 96664 | Zig:22   | Gained mutation: You have a pair of small horns on your
                  | head. [potion of mutation]
 96665 | Zig:22   | Lost mutation: You have a pair of small horns on your head.
                  | [potion of mutation]
 96665 | Zig:22   | Lost mutation: Potions are less effective at restoring your
                  | health. [potion of mutation]
 96665 | Zig:22   | Lost mutation: You occasionally lose the ability to drink
                  | potions when taking damage. [potion of mutation]
 96665 | Zig:22   | Lost mutation: You are mostly covered in iridescent scales.
                  | (AC +4) [potion of mutation]
 96665 | Zig:22   | Gained mutation: Your movements are slightly less
                  | encumbered by armour. (ER -2) [potion of mutation]
 96682 | Zig:22   | Identified the +6 morningstar of the Special Ghosts {elec,
                  | Stlth+}
 96710 | Zig:22   | Identified the +0 troll leather armour of the Saviour {rC++
                  | Regen+ rCorr}
 96738 | Zig:23   | Entered Level 23 of a ziggurat
 96751 | Zig:23   | Noticed Duta's ghost (legendary FoHu)
 96751 | Zig:23   | Noticed Nalaklye's ghost (legendary DjCA)
 96751 | Zig:23   | Noticed Canwutygu's ghost (veteran MiFi)
 96752 | Zig:23   | Noticed Quogoet's ghost (legendary OpSh)
 96755 | Zig:23   | Noticed Feuw's ghost (veteran MiBe)
 96756 | Zig:23   | Noticed Tejiel's ghost (legendary GrFi)
 96756 | Zig:23   | Noticed Coyd's ghost (legendary HOMo)
 96757 | Zig:23   | Noticed Ysol's ghost (legendary OpHW)
 96758 | Zig:23   | Noticed Ussulutyn's ghost (legendary DsFi)
 96758 | Zig:23   | Noticed Lagif's ghost (legendary MiFi)
 96758 | Zig:23   | Noticed Feuw's ghost (veteran MiBe)
 96759 | Zig:23   | Noticed Quogoet's ghost (legendary OpSh)
 96759 | Zig:23   | Noticed Lagif's ghost (legendary MiFi)
 96761 | Zig:23   | Killed Quogoet's ghost
 96765 | Zig:23   | Killed Nalaklye's ghost
 96766 | Zig:23   | Killed Ysol's ghost
 96766 | Zig:23   | Noticed Quogoet's ghost (legendary OpSh)
 96768 | Zig:23   | Killed Canwutygu's ghost
 96768 | Zig:23   | Killed Quogoet's ghost
 96769 | Zig:23   | Killed Tejiel's ghost
 96773 | Zig:23   | Killed Duta's ghost
 96774 | Zig:23   | Killed Quogoet's ghost
 96774 | Zig:23   | Killed Feuw's ghost
 96775 | Zig:23   | Killed Lagif's ghost
 96777 | Zig:23   | Killed Ussulutyn's ghost
 96777 | Zig:23   | Noticed Canwutygu's ghost (veteran MiFi)
 96779 | Zig:23   | Killed Coyd's ghost
 96789 | Zig:23   | Killed Feuw's ghost
 96795 | Zig:23   | Killed Canwutygu's ghost
 96852 | Zig:23   | Killed Lagif's ghost
 96929 | Zig:23   | Acquired a book of Callings
 96950 | Zig:23   | Identified the ring of Xaxoh {Ice rElec rPois Dex-2}
 96959 | Zig:23   | Identified the +5 plate armour of Sorcery {rCorr Int+3}
 96981 | Zig:23   | Learned a level 8 spell: Lehudib's Crystal Spear
 96986 | Zig:24   | Entered Level 24 of a ziggurat
 96995 | Zig:24   | Noticed an ancient lich
 96996 | Zig:24   | Noticed a dread lich
 96997 | Zig:24   | Reached skill level 1 in Shapeshifting
 96997 | Zig:24   | Killed an ancient lich
 96999 | Zig:24   | Killed a dread lich
 97000 | Zig:24   | Reached skill level 5 in Shapeshifting
 97003 | Zig:24   | Noticed an ancient lich
 97003 | Zig:24   | Noticed an ancient lich
 97004 | Zig:24   | Noticed an ancient lich
 97006 | Zig:24   | Killed an ancient lich
 97006 | Zig:24   | Killed an ancient lich
 97006 | Zig:24   | Killed an ancient lich
 97009 | Zig:24   | Reached skill level 10 in Shapeshifting
 97244 | Zig:25   | Entered Level 25 of a ziggurat
 97250 | Zig:25   | Noticed a royal mummy
 97251 | Zig:25   | Noticed a royal mummy
 97252 | Zig:25   | Noticed a royal mummy
 97252 | Zig:25   | Noticed a royal mummy
 97253 | Zig:25   | Killed a royal mummy
 97254 | Zig:25   | Noticed a royal mummy
 97257 | Zig:25   | Killed a royal mummy
 97257 | Zig:25   | Killed a royal mummy
 97257 | Zig:25   | Noticed a royal mummy
 97258 | Zig:25   | Killed a royal mummy
 97259 | Zig:25   | Killed a royal mummy
 97259 | Zig:25   | HP: 5/207 [something (24)]
 97259 | Zig:25   | Noticed a royal mummy
 97259 | Zig:25   | Noticed a royal mummy
 97263 | Zig:25   | Noticed a royal mummy
 97263 | Zig:25   | Noticed a royal mummy
 97263 | Zig:25   | Noticed a royal mummy
 97264 | Zig:25   | HP: 1/210 [something (17)]
 97264 | Zig:25   | Killed by a guardian mummy's death curse

Illustrated notes

Levels and vault maps discovered:
D:1:      lightli_arrival_flooded_house, layout_loops_ring
D:2:      layout_loops_corners, ebering_ecumenical_altar_petrified,
          grunt_ministairs_4, hangedman_decor_riveting, minmay_split_cup_small
D:3:      layout_loops_corners
D:4:      layout_rooms, uniq_duvessa
D:5:      layout_basic, nicolae_overflow_crystal_walls, amcnicky_altar_gilded,
          serial_demonic, serial_demonic_g, serial_demonic_b, serial_demonic_e,
          serial_demonic_e, serial_shops, nicolae_shop_rolled_up,
          nicolae_shop_behind_doors, shop
D:6:      layout_layer_cave, nicolae_overflow_hidden_temple,
          hangedman_decor_push, minmay_hollow_rounded_squares,
          uniq_prince_ribbit1
D:7:      layout_basic, temple_hall, enter_bailey_2,
          gammafunk_ghost_abyssal_escape, kb_rosetta
D:8:      hellmonk_destroyed_diamonds, layout_cave_pods, minmay_diced_spiral,
          uniq_gastronok
D:9:      layout_roguey, hiddenorc1_lemuel, gammafunk_ghost_hydra_chop
D:10:     layout_roguey, erik_lair_dragon, uniq_sonja
D:11:     minmay_skewed_foursquare, layout_irregular_city, serial_shops,
          nicolae_stop_n_shop_1, kennysheep_mini_moat, uniq_josephine
D:12:     layout_layer_cave, uniq_erolcha, uniq_frances, uniq_fannar
D:13:     layout_grid_maze, nicolae_shop_vocational
D:14:     layout_roguey, grunt_vaults_entry_fortified, nzn_wu_jian_council_hall,
          serial_corexii_hall, corexii_hall_statues_i, corexii_hall_statues_t,
          kennysheep_path_1
D:15:     hangedman_depths_entry_civil_slaughter, layout_cave_pods,
          serial_shops, freezing_bzr, minmay_misc_feat_enclosed,
          nicolae_qazlal_eye_of_the_storm
Temple:   nicolae_temple_superstar
Lair:1:   layout_gridlike, gammafunk_ghost_berserking_beasts
Lair:2:   layout_chaotic_city, nicolae_spider_entry_tight_spaces,
          serial_bayou_pond_b
Lair:3:   layout_cave_pods, mainiacjoe_swamp_entry_angry_trees,
          infiniplex_staircase_pool_2, grunt_megastairs_2
Lair:4:   nzn_winding_woodlands_small
          [nzn_winding_woodlands_5x15_river_crossing,
          nzn_winding_woodlands_center_triple_pond,
          nzn_winding_woodlands_5x15_crooked], layout_gridlike,
          dpeg_slime_entry_corner
Lair:5:   evilmike_catoblepas_cave, layout_long_grid
Swamp:1:  layout_basic_swamp, nicolae_swamp_bean_lake, uniq_aizul
Swamp:2:  layout_basic_swamp, evilmike_swamp_ruin_house_1
Swamp:3:  nicolae_swamp_standing_stones, layout_basic_swamp,
          nicolae_swamp_stuck_in_the_mud
Swamp:4:  swamp_icy, layout_basic_swamp, swamp_pool_5, nicolae_swamp_long_stream
Spider:1: layout_spider_delve
Spider:2: layout_spider_delve, hive_lemuel
Spider:3: layout_spider_delve, hellmonk_narrow_tunnel
Spider:4: hellmonk_spider_rune_endless_swarm, gammafunk_ghost_cemetery,
          spiders_nest_hornet_nest
Slime:1:  layout_caves, basic_altar
Slime:2:  layout_caves
Slime:3:  layout_caves
Slime:4:  layout_caves, uniq_dissolution
Slime:5:  slime_pit_nicolae_trefoil
Orc:1:    layout_diamond_mine, serial_shops, nicolae_shop_advertising_works
          [nicolae_subvault_shop_adworks], gammafunk_ghost_wrathful_warriors,
          nicolae_orc_found_a_spring, uniq_nergalle
Orc:2:    grunt_orc_gardens, layout_diamond_mine, grunt_orc_garden,
          grunt_orc_garden, grunt_orc_garden, grunt_orc_garden, uniq_snorg
Elf:1:    layout_gridlike, kennysheep_underground_church,
          small_chamber_with_monster, nicolae_elf_m_pinch, grunt_ministairs_15,
          uniq_roxanne
Elf:2:    nicolae_elf_blades_crystal_corner, layout_loops_ring,
          portal_desolation_entry_nicolae_slug, serial_shops,
          nicolae_diamond_shop, nicolae_shop_hallway_stairs,
          nicolae_shop_rolling_square, shop
Elf:3:    elf_hall, layout_rooms, serial_aquarium, aquarium_bridge_square
          [aquarium_subvault_bridge, aquarium_subvault_bridge,
          aquarium_subvault_bridge, aquarium_subvault_bridge],
          aquarium_bridge_square [aquarium_subvault_bridge,
          aquarium_subvault_bridge, aquarium_subvault_window,
          aquarium_subvault_window], aquarium_window_corridor_2,
          aquarium_window_corner, aquarium_window_fake, aquarium_window_2,
          aquarium_view_2c, aquarium_view_2a, aquarium_pool_2, basic_altar,
          nicolae_elf_v_pinch, nicolae_shop_self_help, uniq_saint_roka,
          uniq_zenata, uniq_nikola
Vaults:1: nicolae_vaults_apartment_2, hangedman_vaults_corner, v_misc_18,
          vaults_dpeg_doors, vaults_mumra_lcd, hangedman_vaults_slice, v_misc_1,
          nicolae_vaults_network_star, vaults_dpeg_ring, vaults_mumra_hex,
          v_misc_13, v_misc_23, nicolae_vaults_tetromino_L_1, layout_vaults_ring
Vaults:2: vaults_standard_mumra_x, emtedronai_trogs_sanctum,
          nicolae_vaults_trapezoid_3, vaults_room_corners, v_misc_9,
          hangedman_vaults_slice, vaults_room_pool, hangedman_vaults_trim,
          layout_vaults_quadrants, serial_shops, nicolae_shop_rolling_square,
          nicolae_trove_entry_crossroad, uniq_sojobo, uniq_frederick
Vaults:3: nicolae_vaults_stepped_doors, v_misc_18,
          minmay_crypt_entry_simple_plaza, nicolae_vaults_little_ls, v_misc_4,
          v_rooms_6, nicolae_vaults_shipping_containers_5,
          ontoclasm_vaults_hangar, nicolae_vaults_more_shelving_1, v_misc_25,
          nicolae_vaults_lightning_bolt, nicolae_vaults_trapezoid_lopsided_3,
          nicolae_vaults_house_3, nicolae_vaults_closet_pinwheel_4,
          layout_vaults_big_cross, serial_shops, shop, shop, shop, serial_glass
Vaults:4: nicolae_vaults_network_quinsquares
          [nicolae_vaults_network_quincunx_subvault,
          nicolae_vaults_network_quincunx_subvault,
          nicolae_vaults_network_quincunx_subvault,
          nicolae_vaults_network_quincunx_subvault], grunt_vaults_funnel,
          nicolae_vaults_diamond_1, vaults_mumra_chevron_long,
          dpeg_vaults_monster_row, nicolae_vaults_quartermaster,
          hangedman_vaults_capsules, v_misc_13, v_misc_5,
          nicolae_vaults_offset_grid_hallway_1, nicolae_vaults_network_barrier,
          serial_library_hellmonk_big_corner, layout_vaults_omnibox
Vaults:5
Crypt:1:  layout_regular_city, grunt_crypt_arrival_split
Crypt:2:  layout_misc_corridors, tombwall_bobbens
Crypt:3:  david_glass_crypt, layout_rooms, nicolae_tomb_entry_grand_gallery
Depths:1: minmay_inner_zag, layout_gridlike, cheibrodos_ashenzari_chains,
          lightli_too_deep, drop_trap, kennysheep_generic_room_6
Depths:2: minmay_three_patterns, layout_cave_pools, enter_ziggurat_d,
          rand_demon_pan_entry_1, hellmouth_1, minmay_crystal_water,
          infiniplex_enter_wizlab_glasses, nicolae_hepliaklqana_hippocampus,
          infiniplex_staircase_zigzag_5
Depths:3: grunt_double_whammy, layout_cave_pools, grunt_hell_entry_dis_mu,
          serial_shops, nicolae_shop_temple_entry_statues_fountains,
          grunt_decor_junction, abyss_entry, pan_entry
Depths:4: evilmike_zot_entry_castle, layout_gridlike, hell_entry, zin_purify,
          uniq_jory
Zot:1:    layout_basic, regret_index_zotdec_wing_it, lemuel_lake_of_fire,
          uniq_parghit, uniq_tiamat
Zig:25

Skill      XL: |  1  2  3  4  5  6  7  8  9 10 11 12 13 14 15 16 17 18 19 20 21 22 23 24 25 26 27 |
---------------+----------------------------------------------------------------------------------+-----
Ice Magic      | 5 6 7 8 9 11 13 14 15 17 18 19 20 22 23 24 25 26 27 | 27.0
Spellcasting   | 3 4 5 6 8 10 11 13 15 16 18 19 20 21 22 23 25 | 25.0
Fighting       | 2 5 6 8 10 12 13 14 15 16 | 16.1
Shields        | 2 4 6 8 10 12 14 | 14.0
Armour         | 2 3 6 10 14 18 | 18.0
Dodging        | 3 6 8 11 13 14 | 14.0
Conjurations   | 2 9 10 11 15 17 25 | 25.0
Axes           | 1 6 8 11 13 14 15 16 | 16.0
Earth Magic    | 5 7 8 12 14 25 | 25.0
Fire Magic     | 4 20 | 20.1
Shapeshifting  | 12 | 12.1
Stealth        | |  1.7

Action                     |  1- 3 |  4- 6 |  7- 9 | 10-12 | 13-15 | 16-18 | 19-21 | 22-24 | 25-27 || total
---------------------------+-------+-------+-------+-------+-------+-------+-------+-------+-------++-------
  Melee: Unarmed           |     2 |     1 |       |       |       |       |       |       |       ||     3
         Dagger            |       |       |    45 |       |       |       |       |       |       ||    45
         Labrys            |       |       |    10 |    46 |   398 |   135 |   103 |   197 |    23 ||   912
   Cast: Freeze            |    58 |    61 |    79 |   143 |   109 |     3 |       |     3 |       ||   456
         Frozen Ramparts   |     1 |     8 |    38 |    70 |    80 |     2 |       |       |     1 ||   200
         Ozocubu's Armour  |       |     1 |     9 |    40 |    89 |    17 |    17 |    17 |     6 ||   196
         Summon Ice Beast  |       |       |    10 |    78 |   158 |    30 |    13 |     6 |     2 ||   297
         Ensorcelled Hiber |       |       |       |       |    14 |       |       |       |       ||    14
         Hailstorm         |       |       |       |       |    12 |       |       |       |       ||    12
         Ozocubu's Refrige |       |       |       |       |    48 |   108 |    25 |    88 |    30 ||   299
         Permafrost Erupti |       |       |       |       |     6 |   415 |   541 |   560 |   631 ||  2153
         Freezing Cloud    |       |       |       |       |       |     1 |     1 |       |       ||     2
         Polar Vortex      |       |       |       |       |       |       |    10 |    15 |    38 ||    63
         Sculpt Simulacrum |       |       |       |       |       |       |       |     4 |       ||     4
         Passwall          |       |       |       |       |       |       |       |     1 |     2 ||     3
         Bombard           |       |       |       |       |       |       |       |       |    84 ||    84
         Sublimation of Bl |       |       |       |       |       |       |       |       |     4 ||     4
         Shatter           |       |       |       |       |       |       |       |       |   139 ||   139
         Fire Storm        |       |       |       |       |       |       |       |       |    19 ||    19
         Apportation       |       |       |       |       |       |       |       |       |    14 ||    14
Ability: Hop               |       |       |       |     2 |    10 |    19 |    18 |     9 |    11 ||    69
  Evoke: Wand              |       |       |       |     3 |       |       |     1 |       |     7 ||    11
    Use: Potion            |     1 |       |       |       |     3 |     4 |     3 |     6 |    43 ||    60
         Scroll            |       |     3 |     3 |     6 |    13 |    13 |     4 |     4 |    18 ||    64
   Stab: Sleeping          |       |       |     5 |       |     3 |       |       |       |       ||     8
         Distracted        |       |       |       |     1 |       |     3 |     1 |     1 |       ||     6
 Armour: Robe              |    35 |    29 |    87 |    32 |   109 |   209 |   205 |   296 |   189 ||  1191
         Steam dragon scal |       |       |       |   149 |   442 |       |       |       |       ||   591
  Dodge: Dodged            |    37 |    41 |   102 |   129 |   401 |   119 |   104 |   167 |    88 ||  1188
  Block: Buckler           |       |       |     3 |    93 |   290 |   106 |   102 |   171 |    84 ||   849
         Reflection        |       |       |       |    10 |    19 |    35 |    28 |    24 |    41 ||   157

Table legend: (Time is in decaauts)
 A = Elapsed time spent in this place.
 B = Non-inter-level travel time spent in this place.
 C = Inter-level travel time spent in this place.
 D = Time resting spent in this place.
 E = Time spent auto-exploring this place.
 F = Levels seen in this place.
 G = Mean time per level.
                   A        B        C        D        E       F      G
               +--------+--------+--------+--------+--------+-----+--------+
         Total | 107209 |  92674 |  14535 |  29494 |  45610 |  82 | 1307.4 |
       Dungeon |  31420 |  25255 |   6165 |   5920 |  15565 |  15 | 2094.7 |
        Temple |     29 |      5 |     24 |      0 |      0 |   1 |   29.0 |
          Lair |  14151 |  11967 |   2184 |   4716 |   5165 |   5 | 2830.2 |
         Swamp |   4597 |   4244 |    353 |   1066 |   2399 |   4 | 1149.2 |
   Spider Nest |   4449 |   4112 |    337 |    664 |   2728 |   4 | 1112.2 |
    Slime Pits |   4353 |   3817 |    536 |    980 |   1767 |   5 |  870.6 |
  Orcish Mines |   2758 |   2381 |    377 |   1005 |    924 |   2 | 1379.0 |
   Elven Halls |   8685 |   8175 |    510 |   4180 |   2785 |   3 | 2895.0 |
        Vaults |  15848 |  13207 |   2641 |   5140 |   5658 |   5 | 3169.6 |
         Crypt |   3579 |   3238 |    341 |    388 |   2277 |   3 | 1193.0 |
        Depths |   8024 |   7072 |    952 |   1402 |   4481 |   4 | 2006.0 |
           Zot |   1172 |   1062 |    110 |    494 |    334 |   1 | 1172.0 |
      Ziggurat |   4267 |   4267 |      0 |   2472 |      0 |  25 |  170.7 |
        Bazaar |    290 |    290 |      0 |      0 |     81 |   1 |  290.0 |
         Trove |    195 |    195 |      0 |      0 |     97 |   1 |  195.0 |
        Bailey |    645 |    645 |      0 |    390 |     86 |   1 |  645.0 |
        Wizlab |    838 |    838 |      0 |     48 |    601 |   1 |  838.0 |
    Desolation |   1902 |   1902 |      0 |    625 |    656 |   1 | 1902.0 |
               +--------+--------+--------+--------+--------+-----+--------+

Top non-repeatable levels by time:
  Lair:3: 4190 daAuts
   Elf:2: 4100 daAuts
  Lair:5: 3584 daAuts
Vaults:2: 3515 daAuts
     D:9: 3464 daAuts
Vaults:1: 3442 daAuts
Vaults:3: 3373 daAuts
Vaults:4: 3363 daAuts
   Elf:3: 2901 daAuts
  Lair:4: 2858 daAuts
    D:14: 2849 daAuts
    D:10: 2693 daAuts
    D:11: 2690 daAuts
    D:12: 2676 daAuts
Depths:4: 2628 daAuts
